 Dungeon Crawl Stone Soup version 0.26-a0-1197-gd68fa41eda (webtiles) character file.

Game seed: 12127012992566630436

1288119 Majang the Gargoyle Arbalest (level 27, 0/199 HPs)
             Began as a Gargoyle Gladiator on Dec 25, 2020.
             Was the Champion of the Shining One.
             Killed from afar by a hellion (16 damage)
             ... with damnation
             ... on level 22 of a ziggurat on Dec 28, 2020.
             The game lasted 12:04:39 (115230 turns).

Majang the Gargoyle Arbalest (Gargoyle Gladiator) Turns: 115230, Time: 12:04:39

Health: 0/199      AC: 73    Str: 40    XL:     27
Magic:  40/45      EV: 24    Int: 14    God:    the Shining One [******]
Gold:   11630      SH:  5    Dex: 17    Spells: 26/26 levels left

rFire    + + +     SeeInvis .   a - +9 executioner's axe (holy)
rCold    + + +     Faith    .   (shield currently unavailable)
rNeg     + + +     Spirit   .   k - +12 gold dragon scales
rPois    ∞         Reflect  +   L - +0 hat of the Known World {rElec MP+9 Int+4} (curse)
rElec    +         Harm     .   m - +2 cloak {Will+}
rCorr    .         Rampage  .   e - +3 pair of gloves of the Slug {rC+ Dex+6}
Will     +++..                  O - +2 pair of boots {run}
Stlth    ..........             w - amulet of reflection
HPRegen  0.43/turn              c - ring "Nahept" {*Drain rPois rC+++ Str+5 Stlth+}
MPRegen  0.29/turn              G - ring "Fohuugut" {rF+ Str+3 Slay+2}

@: flying, glowing, studying 2 skills, quick
A: big wings, claws 1, horns 1, fire resistance 1, low mp 1, negative energy
resistance 1, electricity resistance, strong 1, unbreathing, petrification
resistance, miasma immunity, sturdy frame 1, AC +20
}: 12/15 runes: barnacled, slimy, silver, obsidian, icy, abyssal, demonic,
glowing, magical, fiery, dark, gossamer
a: Stop Flying, Renounce Religion, Divine Shield, Cleansing Flame, Summon Divine
Warrior


You were on level 22 of a ziggurat.
You worshipped the Shining One.
The Shining One was exalted by your worship.
You visited 16 branches of the dungeon, and saw 75 of its levels.
You visited Pandemonium 1 time, and saw 21 of its levels.
You visited the Abyss 6 times.
You visited 1 ziggurat, and saw 22 of its levels.
You also visited: Ice Cave and Wizlab.

You collected 14940 gold pieces.
You spent 3310 gold pieces at shops.

Inventory:

Hand Weapons
 a - a +9 executioner's axe of holy wrath (weapon)
 b - a +9 triple crossbow of flaming
 x - the +11 arbalest "Hell-Harrower" {elec, rN+ Will+ Str-4 Int+3}
   (You found it on level 5 of the Realm of Zot)

   It charges the ammunition it shoots with electricity; occasionally upon a
   hit, such missiles may discharge and cause terrible harm.
   It affects your strength (-4).
   It affects your intelligence (+3).
   It protects you from negative energy.
   It affects your willpower, your defense against some magical effects.
 E - a +9 executioner's axe of freezing
 Y - the +7 great mace "Firestarter" {inner flame, rF++}
   (You found it on level 4 of the Shoals)

   It has been specially enchanted to burn those struck by it, causing extra
   injury to most foes and up to half again as much damage against particularly
   susceptible opponents.
   It greatly protects you from fire.
Missiles
 q - 2246 bolts
Armour
 e - the +3 pair of gloves of the Slug (worn) {rC+ Dex+6}
   (You found it on level 2 of the Vaults)

   It affects your dexterity (+6).
   It protects you from cold.
 k - +12 gold dragon scales (worn)
 m - a +2 cloak of willpower (worn)
 v - a +2 pair of boots of rampaging
 L - the cursed +0 hat of the Known World (worn) {rElec MP+9 Int+4}
   (You found it on level 7 of Gehenna)

   It affects your intelligence (+4).
   It insulates you from electricity.
   It affects your magic capacity (+9).
   It has a curse placed upon it.
 O - a +2 pair of boots of running (worn)
 V - a +2 cloak of preservation
Jewellery
 c - the ring "Nahept" (left hand) {*Drain rPois rC+++ Str+5 Stlth+}
   (You took it off a deep elf knight on level 3 of the Elven Halls)

   [ring of poison resistance]

   It affects your strength (+5).
   It renders you almost immune to cold.
   It protects you from poison.
   It causes draining when unequipped.
   It makes you more stealthy.
 w - an amulet of reflection (around neck)
 y - the macabre finger necklace {rN+}
   (You found it on level 21 of a ziggurat)

   [amulet of nothing]

   It protects you from negative energy.
 C - an uncursed ring of resist corrosion
 G - the ring "Fohuugut" (right hand) {rF+ Str+3 Slay+2}
   (You found it on level 3 of the Crypt)

   [ring of protection from fire]

   It affects your strength (+3).
   It affects your accuracy and damage with ranged weapons and melee attacks
   (+2).
   It protects you from fire.
 U - the ring of the Wild Haggis {rF+ Int+3 Dex+6 SInv}
   (You found it on level 15 of a ziggurat)

   [ring of dexterity]

   It affects your intelligence (+3).
   It affects your dexterity (+6).
   It protects you from fire.
   It lets you see invisible.
Wands
 t - a wand of iceblast (55)
 H - a wand of acid (33)
 S - a wand of digging (3)
Scrolls
 d - 30 scrolls of identify
 f - 3 scrolls of holy word
 l - 19 scrolls of fear
 n - 12 scrolls of fog
 p - 5 scrolls of acquirement
 r - 48 scrolls of teleportation
 u - 20 scrolls of blinking
 A - 33 scrolls of remove curse
 K - 15 scrolls of magic mapping
 M - 8 scrolls of enchant armour
 Q - 5 scrolls of silence
 R - 2 scrolls of enchant weapon
 T - a scroll of summoning
Potions
 g - 5 potions of resistance
 h - 5 potions of haste
 j - 18 potions of attraction
 o - 21 potions of mutation
 s - 49 potions of curing
 z - 11 potions of cancellation
 B - 5 potions of berserk rage
 F - 2 potions of heal wounds
 J - 2 potions of magic
 P - a potion of might
 Z - 8 potions of ambrosia
Books
 N - a manual of Staves
 X - a manual of Translocations
Miscellaneous
 D - a lightning rod (4/4)
 I - a tin of tremorstones (2/2)


   Skills:
 O Level 27 Fighting
 + Level 25.2(27) Axes
 + Level 20.0(26.2) Maces & Flails
 + Level 8.3(19.7) Polearms
 + Level 12.3(18.1) Staves
 O Level 27 Crossbows
 - Level 1.7 Throwing
 O Level 27 Armour
 + Level 22.3 Dodging
 - Level 4.0 Shields
 O Level 27 Invocations
 + Level 15.5 Evocations


You had 26 spell levels left.
You didn't know any spells.
Your spell library contained the following spells:

 Spells                   Type           Power        Failure   Level
 Animate Skeleton         Necr           0%           63%         1
 Apportation              Tloc           0%           63%         1
 Beastly Appendage        Tmut           0%           63%         1
 Corona                   Hex            0%           63%         1
 Foxfire                  Conj/Fire      0%           63%         1
 Freeze                   Ice            0%           63%         1
 Magic Dart               Conj           0%           63%         1
 Pain                     Necr           0%           63%         1
 Sandblast                Erth           0%           63%         1
 Shock                    Conj/Air       0%           63%         1
 Sting                    Tmut/Pois      0%           63%         1
 Summon Small Mammal      Summ           0%           63%         1
 Blink                    Tloc           N/A          77%         2
 Call Imp                 Summ           0%           77%         2
 Corpse Rot               Necr/Air       N/A          77%         2
 Ensorcelled Hibernation  Hex/Ice        0%           77%         2
 Passwall                 Tmut/Erth      0%           77%         2
 Poisonous Vapours        Pois/Air       0%           77%         2
 Searing Ray              Conj           0%           77%         2
 Slow                     Hex            0%           77%         2
 Swiftness                Air            0%           77%         2
 Wereblood                Tmut           0%           77%         2
 Call Canine Familiar     Summ           0%           94%         3
 Confusing Touch          Hex            0%           94%         3
 Conjure Flame            Conj/Fire      0%           94%         3
 Dazzling Flash           Conj/Hex       0%           94%         3
 Gell's Gravitas          Tloc           0%           94%         3
 Ignite Poison            Fire/Tmut/Pois 0%           94%         3
 Inner Flame              Hex/Fire       0%           94%         3
 Lesser Beckoning         Tloc           0%           94%         3
 Mephitic Cloud           Conj/Pois/Air  0%           94%         3
 Portal Projectile        Hex/Tloc       0%           94%         3
 Spider Form              Tmut/Pois      0%           94%         3
 Static Discharge         Conj/Air       0%           94%         3
 Stone Arrow              Conj/Erth      0%           94%         3
 Summon Guardian Golem    Hex/Summ       0%           94%         3
 Teleport Other           Tloc           0%           94%         3
 Tukima's Dance           Hex            0%           94%         3
 Vampiric Draining        Necr           0%           94%         3
 Airstrike                Air            0%           100%        4
 Animate Dead             Necr           0%           100%        4
 Cause Fear               Hex            0%           100%        4
 Dispel Undead            Necr           0%           100%        4
 Fulminant Prism          Conj/Hex       0%           100%        4
 Hailstorm                Conj/Ice       0%           100%        4
 Ice Form                 Ice/Tmut       0%           100%        4
 Iskenderun's Mystic Bla  Conj/Tloc      0%           100%        4
 Leda's Liquefaction      Hex/Erth       0%           100%        4
 Olgreb's Toxic Radiance  Pois           0%           100%        4
 Passage of Golubria      Tloc           N/A          100%        4
 Petrify                  Tmut/Erth      0%           100%        4
 Sticky Flame             Conj/Fire      0%           100%        4
 Summon Ice Beast         Ice/Summ       0%           100%        4
 Summon Lightning Spire   Summ/Air       0%           100%        4
 Agony                    Necr           0%           100%        5
 Alistair's Intoxication  Tmut/Pois      0%           100%        5
 Blade Hands              Tmut           0%           100%        5
 Bolt of Magma            Conj/Fire/Erth 0%           100%        5
 Borgnjor's Vile Clutch   Necr/Erth      0%           100%        5
 Excruciating Wounds      Necr           0%           100%        5
 Fireball                 Conj/Fire      0%           100%        5
 Irradiate                Conj/Tmut      0%           100%        5
 Iskenderun's Battlesphe  Conj           0%           100%        5
 Lee's Rapid Deconstruct  Erth           0%           100%        5
 Lightning Bolt           Conj/Air       0%           100%        5
 Metabolic Englaciation   Hex/Ice        0%           100%        5
 Silence                  Hex/Air        0%           100%        5
 Summon Demon             Summ           0%           100%        5
 Summon Forest            Summ/Tloc      0%           100%        5
 Summon Mana Viper        Hex/Summ       0%           100%        5
 Yara's Violent Unravell  Hex/Tmut       0%           100%        5
 Conjure Ball Lightning   Conj/Air       0%           100%        6
 Death Channel            Necr           0%           100%        6
 Dispersal                Tloc           0%           100%        6
 Eringya's Noxious Bog    Tmut/Pois      0%           100%        6
 Freezing Cloud           Conj/Ice/Air   0%           100%        6
 Hydra Form               Tmut           0%           100%        6
 Invisibility             Hex            0%           100%        6
 Iron Shot                Conj/Erth      0%           100%        6
 Ozocubu's Refrigeration  Ice            0%           100%        6
 Shadow Creatures         Summ           N/A          100%        6
 Simulacrum               Ice/Necr       0%           100%        6
 Dragon Form              Tmut           0%           100%        7
 Malign Gateway           Summ/Tloc      0%           100%        7
 Orb of Destruction       Conj           0%           100%        7
 Spellforged Servitor     Conj/Summ      0%           100%        7
 Summon Hydra             Summ           0%           100%        7
 Discord                  Hex            0%           100%        8
 Disjunction              Tloc           0%           100%        8
 Ignition                 Fire           0%           100%        8
 Shatter                  Erth           0%           100%        9
 Tornado                  Air            0%           100%        9
 Sublimation of Blood     Necr           Unusable     N/A         2
 Statue Form              Tmut/Erth      Unusable     N/A         6

Dungeon Overview and Level Annotations

Branches:
Dungeon (15/15)            Temple (1/1) D:5            Lair (6/6) D:10
 Shoals (4/4) Lair:2       Spider (4/4) Lair:3        Slime (5/5) Lair:6
    Orc (2/2) D:12            Elf (3/3) Orc:2        Vaults (5/5) D:13
  Crypt (3/3) Vaults:3       Tomb (2/3) Crypt:3      Depths (5/5) D:15
   Hell (visited)             Dis (0/7) Hell            Geh (7/7) Hell
    Coc (7/7) Hell            Tar (0/7) Hell            Zot (5/5) Depths:5
  IceCv (visited)          WizLab (visited)

Altars:
Ashenzari
Cheibriados
Dithmenos
Elyvilon
Fedhas
Gozag
Hepliaklqana
Kikubaaqudgha
Makhleb
Nemelex Xobeh
Okawaru
Qazlal
Ru
Sif Muna
Trog
Uskayaw
Vehumet
Wu Jian
Xom
Yredelemnul
Zin
The Shining One
Beogh
Jiyva

Shops:
D:9 **=*[   D:13 }   Orc:2 ([*:   Elf:3 *}}=   Vaults:1 =   Vaults:3 [
Vaults:4 [?:=!   Depths:1 }[:   Depths:3 *

Portals:
Hell: Depths:1 Depths:2 Depths:3 Depths:4 Depths:5
Abyss: Depths:2 Depths:4
Pandemonium: Depths:3


Innate Abilities, Weirdness & Mutations

You are resistant to torment.
Your stone body is resilient. (AC +20)
You are immune to poison.
Your large and strong wings let you fly indefinitely.
You resist negative energy. (rN+)
You are resistant to electric shocks. (rElec)
You can survive without breathing.
You are immune to petrification.
You are immune to miasma.
You have sharp fingernails.
You have a pair of small horns on your head.
Your flesh is heat resistant. (rF+)
Your magical capacity is low. (-10% MP)
Your muscles are strong. (Str +2)
Your movements are slightly less encumbered by armour. (ER -2)


Message History

The Shining One accepts your kill.
You feel better.
The golden flame engulfs the spriggan defender skeleton!!!
The spriggan defender skeleton writhes in agony!
You destroy the spriggan defender skeleton!
The Shining One accepts your kill. The hellion gestures at you.
The sphere of damnation explodes!
The damnation engulfs you!!!
* * * LOW HITPOINT WARNING * * *
The hellion gestures at you.
The sphere of damnation explodes!
The damnation engulfs you!
* * * LOW HITPOINT WARNING * * *
The hellion gestures at you.
The sphere of damnation explodes!
The damnation engulfs you!!
* * * LOW HITPOINT WARNING * * *
A red devil comes into view. It is wielding a +0 trident.
A tengu reaver zombie comes into view.
The hellion gestures at you.
The sphere of damnation explodes!
The damnation engulfs you!
You die...

#...........## ##.....▓▓
..2..........###.......▓
.......................▓
........................
.2......................
.2......................
ZZ..4.).................
44WWL2)@..............∩.
..h..h..................
2.2..2..................
..W(....................
..Z.....................
.......................▓
.............###.......▓
#...........## ##.....▓▓


You could see a lich (invisible), a balrug, 2 flayed ghosts, 4 hellions, 2
tormentors, a wraith, 3 red devils, 2 hell hounds, a tengu reaver zombie, a
juggernaut zombie and a tengu reaver skeleton.

Vanquished Creatures
  Cerebov (Pan)
  Asmodeus (Geh:7)
  Antaeus (Coc:7)
  the Royal Jelly (Slime:5)
  Dissolution (Slime:4)
  Ignacio (Pan)
  Gloorx Vloq (Pan)
  Mnoleg (Pan)
  Lom Lobon (Pan)
  6 orbs of fire
  5 ancient liches
  Mennas (Pan)
  A juggernaut (Zig:12)
  27 royal mummies
  Bai Suzhen (Vaults:2)
  Sojobo (Depths:5)
  15 shard shrikes
  Saint Roka (Vaults:3)
  8 Killer Klowns
  16 pandemonium lords
  2 curse toes
  Xtahua (Depths:4)
  Geryon (Hell)
  21 golden dragons
  Nikola (Depths:1)
  Jory (Crypt:1)
  8 bone dragons
  3 profane servitors
  The ghost of Jiak the Eclecticist, an adept DsCj of Vehumet (Vaults:2)
  5 Tzitzimimeh (Pan)
  8 electric golems
  A Hellbinder (WizLab)
  14 Brimstone Fiends
  3 iron giants (Zig:20)
  13 liches
  12 Hell Sentinels
  26 tentacled monstrosities
  Asterion (D:15)
  25 Orb Guardians
  14 Ice Fiends
  A quicksilver dragon (shapeshifter) (Zig:18)
  6 titans
  5 deep elf master archers
  5 deep elf blademasters
  9 quicksilver dragons
  35 acid blobs
  Murray (Hell)
  20 Executioners (Pan)
  4 krakens
  4 death cobs
  24 tentacled starspawn
  12 ancient champions
  11 sphinxes
  5 shadow dragons
  Frances (Shoals:1)
  Donald (Shoals:1)
  6 revenants
  3 draconian monks
  19 storm dragons
  7 tengu reavers
  17 azure jellies
  7 blood saints (Pan)
  5 draconian knights
  A fire giant (shapeshifter) (Zig:18)
  7 draconian scorchers
  6 deep elf sorcerers
  An emperor scorpion (shapeshifter) (Zig:18)
  Aizul (Shoals:1)
  9 emperor scorpions
  6 iron dragons
  12 frost giants
  3 angels
  12 fire giants
  20 cacodemons
  2 juggernaut zombies
  47 balrugs
  10 warmongers (Pan)
  10 curse skulls
  11 ghost moths
  Louise (D:14)
  2 caustic shrike zombies
  19 vault wardens
  4 deep elf elementalists
  3 orc warlords
  17 ironheart preservers
  4 elemental wellsprings
  4 corrupters (Pan)
  3 draconian shifters
  4 ghouls
  2 juggernaut skeletons
  5 draconian stormcallers
  37 reapers
  A stone giant (shapeshifter) (Zig:18)
  49 very ugly things
  5 war gargoyles
  4 draconian annihilators
  23 stone giants
  An ophan (Zig:11)
  8 vampire knights
  11 black draconians
  8 bennus
  Nessos (Lair:6)
  8 black suns
  8 yellow draconians
  13 deep elf demonologists
  7 entropy weavers
  8 white draconians
  11 lorocyprocas
  4 green draconians
  19 deep elf annihilators
  12 purple draconians
  13 red draconians
  3 spark wasps
  Snorg (Lair:6)
  7 merfolk javelineers
  13 eidola
  7 death oozes
  4 quicksilver dragon zombies
  15 ettins
  15 fire dragons
  40 blizzard demons
  6 deep elf death magi
  2 eleionomae (shapeshifter)
  18 mummy priests
  Josephine (Lair:6)
  10 jiangshi
  19 yaktaur captains
  A fire dragon (shapeshifter) (Vaults:2)
  8 rakshasas
  17 merfolk impalers
  A shambling mangrove (Abyss:4)
  33 vault guards
  12 green deaths (Pan)
  A naga warrior (Zig:2)
  15 great orbs of eyes
  2 kraken zombies
  8 deep elf high priests
  A boulder beetle (shapeshifter) (Vaults:5)
  17 ogre magi
  2 caustic shrike simulacra (Zig:16)
  4 hell beasts
  35 ice dragons
  Fannar (D:11)
  Harold (D:15)
  10 monstrous demonspawn (Pan)
  3 spriggan air magi (Depths:3)
  8 centaur warriors
  12 hydras
  2 juggernaut simulacra (Pan)
  6 quicksilver dragon skeletons
  A two-headed ogre (shapeshifter) (Vaults:3)
  4 alligator snapping turtles
  A death knight (Crypt:1)
  A ghost crab (Abyss:4)
  An anaconda (Zig:2)
  3 merfolk avatars
  44 two-headed ogres
  5 boulder beetles
  34 dancing weapons
  5 satyrs
  An alligator (shapeshifter) (Depths:4)
  10 deep troll shamans
  9 merfolk aquamancers
  2 tengu warriors
  15 deep troll earth magi
  A queen ant (shapeshifter) (Depths:3)
  12 vampire magi
  2 spriggan berserkers
  A queen ant (Spider:2)
  26 hell hogs
  Urug (D:15)
  6 orc high priests
  37 death scarabs
  68 large abominations
  2 shock serpents
  A shock serpent (shapeshifter) (Zig:18)
  The ghost of Adamkad1 the Blocker, a journeyman VSFi of Gozag (D:8)
  31 soul eaters
  3 titan zombies
  32 thrashing horrors
  38 small abominations
  20 deep elf knights
  69 sun demons
  6 storm dragon zombies
  118 starcursed masses
  8 titan skeletons
  12 shadow wraiths
  3 iron golems
  15 sixfirhies
  2 iron trolls (D:15)
  21 wretched stars
  3 fire crabs (shapeshifter)
  A salamander mystic (Zig:2)
  38 hell knights
  42 skeletal warriors
  9 spatial maelstroms
  2 death drakes (shapeshifter) (Vaults:2)
  15 flayed ghosts
  A spark wasp zombie (Hell)
  7 death drakes
  A ghost moth zombie (Geh:6)
  A sea snake (shapeshifter) (D:15)
  A glowing orange brain (shapeshifter) (Zig:18)
  3 unseen horrors
  10 anaconda zombies
  2 fire crabs
  4 golden dragon zombies
  An unseen horror (shapeshifter) (Vaults:5)
  7 shadow demons
  3 swamp dragons
  2 spectral anacondas (Depths:4)
  A storm dragon skeleton (Geh:1)
  A swamp dragon (shapeshifter) (Elf:3)
  3 gelid demonspawn (Pan)
  9 torturous demonspawn (Pan)
  42 deep trolls
  12 glowing orange brains
  A quicksilver dragon simulacrum (Tomb:2)
  2 orange crystal statues (Depths:4)
  5 infernal demonspawn (Pan)
  A shadow dragon zombie (Coc:5)
  3 obsidian statues
  23 sea snakes
  4 tengu zombies
  A mana viper (shapeshifter) (Depths:3)
  3 harpies (shapeshifter)
  3 anaconda skeletons
  2 lindwurms (Lair:3)
  A naga ritualist (Zig:1)
  14 ironbrand convokers
  7 necromancers
  22 phantasmal warriors
  19 deep elf archers
  3 golden dragon skeletons
  Pikel (D:3)
  47 harpies
  An orb spider (shapeshifter) (Vaults:4)
  A wolf spider zombie (Geh:6)
  20 orc knights
  76 deep elf magi
  A wolf spider (shapeshifter) (Vaults:5)
  23 manticores
  5 wizards
  5 shadow dragon skeletons
  2 lindwurms (shapeshifter)
  A goliath frog zombie (Crypt:1)
  6 shining eyes
  6 frost giant zombies
  22 orb spiders
  9 cyclopes
  2 iron dragon zombies
  37 wolf spiders
  A faun (shapeshifter) (Vaults:2)
  4 fire giant zombies
  9 fauns
  An oklob plant (D:14)
  4 mana vipers (Depths:4)
  66 ugly things
  7 stone giant zombies
  13 orc sorcerers
  A goliath frog skeleton (Crypt:2)
  6 worldbinders
  12 merfolk sirens
  8 frost giant skeletons
  2 iron dragon skeletons
  A black mamba (shapeshifter) (D:14)
  The ghost of rlgrobin the Covert, a novice KoDe of Uskayaw (D:5)
  A sphinx skeleton (Vaults:2)
  2 salamanders (shapeshifter)
  35 moths of wrath
  11 elephants
  7 black mambas
  6 fire giant skeletons
  10 ice statues
  7 stone giant skeletons
  A torpor snail (Spider:3)
  9 molten gargoyles
  2 shock serpent zombies
  18 rust devils
  20 vault sentinels
  A water nymph (shapeshifter) (Vaults:2)
  44 orange demons
  15 cane toads
  8 apocalypse crabs
  2 dire elephant zombies
  3 storm dragon simulacra
  44 smoke demons
  14 water nymphs
  2 shock serpent skeletons
  A cane toad (shapeshifter) (Vaults:5)
  A titan simulacrum (Coc:7)
  A gargoyle (D:12)
  A redback zombie (D:14)
  14 komodo dragons
  A minotaur zombie (Geh:1)
  24 tormentors
  3 dire elephant skeletons
  A komodo dragon (shapeshifter) (Zig:18)
  2 kobold demonologists
  5 spectral swamp worms (D:15)
  27 freezing wraiths
  30 hellions
  A pale draconian skeleton (Crypt:3)
  14 rime drakes
  3 spectral merfolk (Depths:4)
  39 ice devils
  5 efreet
  76 yaktaurs
  13 hellwings
  23 guardian mummies
  2 anaconda simulacra (Coc:7)
  2 tengu conjurers (D:14)
  63 red devils
  A red draconian skeleton (Geh:2)
  A spark wasp simulacrum (Zig:13)
  25 demonic crawlers
  A minotaur skeleton (Geh:6)
  3 harpy zombies
  60 merfolk
  17 hydra zombies
  13 trolls
  9 polar bears
  A queen bee (Spider:4)
  A troll (shapeshifter) (Vaults:2)
  2 catoblepas skeletons
  A silent spectre (Abyss:3)
  A meliai (shapeshifter) (Zig:18)
  7 wind drakes
  25 jumping spiders
  A tengu simulacrum (Zig:16)
  A hornet (shapeshifter) (Abyss:3)
  18 ancient zymes
  38 raiju
  11 hydra skeletons
  A wind drake (shapeshifter) (Vaults:2)
  27 hornets
  4 fire dragon zombies
  2 meliai zombies
  4 alligator zombies
  96 slime creatures
  18 blink frogs
  A raiju (shapeshifter) (Depths:1)
  3 spriggan zombies
  A dream sheep (Lair:4)
  5 ettin zombies
  72 flying skulls
  A stone giant simulacrum (Vaults:1)
  17 snapping turtles
  2 fire dragon skeletons
  8 air elementals
  4 ettin skeletons
  2 ice dragon zombies
  2 centaur simulacra
  A black mamba zombie (Crypt:2)
  31 tarantellas
  12 wyverns
  Sigmund (D:4)
  70 redbacks
  9 ice dragon skeletons
  A tarantella (shapeshifter) (D:8)
  A wind drake zombie (Crypt:3)
  10 ushabtiu
  2 alligator skeletons
  39 water elementals
  A wyvern (shapeshifter) (Vaults:2)
  A dire elephant simulacrum (Abyss:2)
  A hog (shapeshifter) (Vaults:3)
  5 fire bats
  4 vampires
  4 basilisks
  31 fire elementals
  7 humans (D:13)
  2 spriggans (Depths:3)
  2 humans (shapeshifter)
  A satyr skeleton (Crypt:3)
  15 shadows
  4 steam dragons
  34 wraiths
  An elf simulacrum (Zig:16)
  44 ynoxinuls
  17 golden eyes
  2 golden eyes (shapeshifter)
  56 yaks
  A black mamba skeleton (Geh:1)
  30 neqoxecs
  24 chaos spawn
  15 wargs
  12 spatial vortices
  Edmund (D:4)
  A swamp worm (shapeshifter) (Abyss:1)
  11 hydra simulacra
  Duvessa (D:5)
  8 cane toad zombies
  5 acid dragons
  7 insubstantial wisps (Abyss:2)
  35 hell hounds
  23 soldier ants
  29 water moccasins
  2 spectral trolls (Depths:4)
  77 orc warriors
  2 floating eyes (shapeshifter)
  3 cane toad skeletons
  A spectral spriggan (Depths:4)
  6 swamp drakes
  A floating eye (Depths:4)
  An ice dragon simulacrum (Crypt:3)
  A manticore zombie (Geh:3)
  17 ice beasts
  A hornet zombie (Crypt:1)
  An ice beast (shapeshifter) (Vaults:2)
  7 sky beasts
  3 black bears
  A black mamba simulacrum (Tomb:2)
  4 snapping turtle zombies
  13 necrophages
  6 phantoms
  10 eyes of draining
  57 ogres
  11 boggarts
  12 wolves
  A wolf (shapeshifter) (Vaults:4)
  A swamp dragon skeleton (Geh:2)
  A dream sheep skeleton (Crypt:1)
  A manticore skeleton (Abyss:2)
  5 snapping turtle skeletons
  21 centaurs
  3 elf zombies
  2 big kobolds (Depths:2)
  15 bullfrogs
  A gnoll sergeant (D:7)
  A wyvern zombie (D:11)
  6 earth elementals
  An elf skeleton (Geh:6)
  A komodo dragon skeleton (Crypt:2)
  A palentonga skeleton (Crypt:2)
  3 merfolk simulacra (Depths:4)
  Dowan (D:5)
  A wyvern skeleton (D:14)
  6 scorpions
  A shapeshifter zombie (Crypt:1)
  A hornet simulacrum (D:14)
  3 spectral nagas (Depths:4)
  11 jellies
  A water moccasin skeleton (Crypt:1)
  A snapping turtle simulacrum (Coc:7)
  2 spectral ogres (Depths:4)
  26 killer bees
  2 human simulacra
  55 wights
  4 spriggan skeletons
  2 yak skeletons
  7 howler monkeys
  A troll skeleton (Geh:7)
  A vampire bat (Lair:2)
  15 electric eels
  4 crimson imps
  5 centaur zombies
  4 bullfrog zombies
  A hound (shapeshifter) (Vaults:2)
  7 hounds
  41 orc priests
  2 centaur skeletons
  29 orc wizards
  7 quasits
  2 human zombies
  13 iron imps
  3 bullfrog skeletons
  2 human skeletons
  3 iguanas
  15 lightning spires
  29 worker ants
  2 spriggan simulacra (Depths:4)
  A sky beast zombie (Crypt:2)
  A demigod zombie (Crypt:2)
  A naga zombie (Crypt:2)
  2 hound zombies
  An ogre skeleton (Geh:4)
  4 hound skeletons
  41 mummies
  A worker ant zombie (D:10)
  15 gnolls
  A howler monkey skeleton (D:9)
  16 adders
  A naga simulacrum (Depths:4)
  A swamp drake zombie (Crypt:2)
  7 shadow imps
  17 white imps
  An ooze (D:1)
  7 ufetubi
  3 adder zombies
  2 adder skeletons
  6 worms
  7 leopard geckos
  127 orcs
  A ball python (D:4)
  9 bats
  6 giant cockroaches
  7 goblins
  6 hobgoblins
  2 jackals (D:4)
  6 quokkas
  A dart slug zombie (Crypt:1)
  3 frilled lizards
  A giant cockroach zombie (D:5)
  A hobgoblin zombie (Crypt:3)
  2 jackal skeletons
  A jackal zombie (D:6)
  10 kobolds
  A kobold skeleton (Geh:4)
  A quokka skeleton (D:9)
  10 rats
  3 ball lightnings (Pan)
  A bush (Shoals:1)
  A lurking horror (Abyss:3)
  A plant (Pan)
  24 starspawn tentacles
  20 tentacles
5431 creatures vanquished.

Vanquished Creatures (collateral kills)
  A vault guard (Vaults:4)
  A harpy (Zig:19)
  2 oklob plants (Lair:1)
  3 manticores (Zig:19)
  A faun (Zig:19)
  A komodo dragon (Lair:6)
  2 merfolk (Zig:19)
11 creatures vanquished.

Vanquished Creatures (others)
  A shard shrike (Coc:6)
  A deep elf blademaster (Zig:21)
  A very ugly thing (Pan)
  An elemental wellspring (Coc:7)
  3 deep elf demonologists
  2 deep elf high priests (Zig:21)
  A yaktaur captain (Vaults:5)
  2 dancing weapons (Zig:9)
  3 hell hogs (Geh:1)
  A soul eater (Pan)
  2 thrashing horrors
  A wretched star (Zig:17)
  A skeletal warrior (Coc:7)
  5 deep elf magi (Zig:21)
  An ugly thing (Zig:18)
  A komodo dragon (shapeshifter) (Vaults:2)
  A rime drake (Zig:16)
  2 red devils
  A flying skull (Geh:1)
  A tarantella (shapeshifter) (Zig:18)
  2 fire elementals
  A water elemental (Depths:2)
  A human (D:13)
  A neqoxec (Pan)
  A floating eye (Depths:3)
  2 ogres (Vaults:5)
  An earth elemental (Zig:21)
  A small abomination (Abyss:3)
  A vampire bat (Lair:2)
  3 starcursed masses
  12 ball lightnings
  A bush (Lair:6)
  A fire vortex (Pan)
  28 fungi
  3 lurking horrors
  241 plants
  44 starspawn tentacles
  53 tentacles
  6 toadstools (Depths:3)
435 creatures vanquished.

Grand Total: 5877 creatures vanquished

Notes
Turn   | Place    | Note
-------+----------+-------------------------------------------
     0 | D:1      | Majang the Gargoyle Gladiator began the quest for the Orb.
     0 | D:1      | Reached XP level 1. HP: 12/12 MP: 1/1
   140 | D:1      | Reached XP level 2. HP: 18/18 MP: 2/2
   546 | D:1      | Reached skill level 1 in Armour
   557 | D:1      | Reached XP level 3. HP: 22/22 MP: 3/3
   716 | D:2      | Noticed a sky beast
   741 | D:1      | Killed a sky beast
   742 | D:1      | Reached XP level 4. HP: 18/28 MP: 4/4
   742 | D:1      | Reached XP level 5. HP: 21/32 MP: 5/5
  1954 | D:3      | Reached XP level 6. HP: 34/37 MP: 6/6
  2513 | D:4      | Noticed Pikel
  2522 | D:3      | Reached skill level 1 in Shields
  2617 | D:3      | Killed Pikel
  2618 | D:3      | Reached skill level 5 in Maces & Flails
  2618 | D:3      | Reached XP level 7. HP: 33/44 MP: 7/7
  2794 | D:4      | Reached XP level 8. HP: 43/48 MP: 8/8
  2990 | D:4      | Noticed Sigmund
  3005 | D:4      | Killed Sigmund
  3168 | D:4      | Reached skill level 5 in Fighting
  3437 | D:5      | Entered Level 5 of the Dungeon
  3523 | D:5      | Noticed Edmund
  3591 | D:4      | Killed Edmund
  3659 | D:5      | Found a staircase to the Ecumenical Temple.
  3669 | Temple   | Entered the Ecumenical Temple
  3823 | Temple   | Became a worshipper of the Shining One
  4002 | D:5      | Reached skill level 1 in Invocations
  4002 | D:5      | Reached XP level 9. HP: 49/54 MP: 9/9
  4409 | D:5      | Noticed Duvessa
  4411 | D:5      | Noticed Dowan
  4419 | D:5      | Killed Duvessa
  4420 | D:5      | Reached skill level 5 in Armour
  4423 | D:5      | Killed Dowan
  4502 | D:5      | Found a runed translucent gate.
  4502 | D:5      | Found a runed translucent gate.
  4503 | D:5      | Found a runed translucent gate.
  4507 | D:5      | Noticed rlgrobin's ghost (novice KoDe)
  4536 | D:5      | Killed rlgrobin's ghost
  4804 | D:6      | Reached * piety under the Shining One
  4972 | D:6      | Reached skill level 5 in Dodging
  5401 | D:7      | Reached ** piety under the Shining One
  5430 | D:7      | Reached XP level 10. HP: 61/61 MP: 12/12
  5771 | D:7      | Reached skill level 1 in Evocations
  6032 | D:7      | Noticed Maggie
  6036 | D:7      | Noticed Maggie
  6036 | D:7      | Maggie changed into Maggie the wyvern
  6042 | D:7      | Killed Maggie the wyvern
  6644 | D:8      | Found a runed translucent gate.
  6644 | D:8      | Found a runed translucent gate.
  6644 | D:8      | Found a runed translucent gate.
  6647 | D:8      | Noticed a green ugly thing
  6647 | D:8      | Noticed a white ugly thing
  6649 | D:8      | Noticed a purple ugly thing
  6931 | D:8      | Identified the Disquisition on Supportive Black Secrets
  7131 | D:8      | Noticed a two-headed ogre
  7139 | D:8      | Killed a two-headed ogre
  7518 | D:8      | Reached *** piety under the Shining One
  7519 | D:8      | Reached skill level 5 in Invocations
  7756 | D:9      | Found Qong's General Store.
  7777 | D:9      | Bought a scroll of enchant armour for 105 gold pieces
  7777 | D:9      | Bought a scroll of enchant weapon for 105 gold pieces
  7814 | D:9      | Found Ozad Jyr's Armour Shop.
  7952 | D:8      | Reached XP level 11. HP: 52/67 MP: 14/14
  8045 | D:8      | Reached skill level 10 in Maces & Flails
  8460 | D:9      | Found Jehabb's Assorted Antiques.
  8468 | D:9      | Bought a runed hand crossbow for 143 gold pieces
  8468 | D:9      | Bought a scroll labelled ZUEBRO IFYDGHE for 22 gold pieces
  8468 | D:9      | Bought a wand of acid (6) for 176 gold pieces
  8539 | D:9      | Found Judos's Jewellery Shop.
  8566 | D:9      | Found Plog's Assorted Antiques.
  8707 | D:9      | Found a shimmering blue altar of Sif Muna.
  8836 | D:10     | Entered Level 10 of the Dungeon
  8892 | D:10     | Reached skill level 1 in Crossbows
  8899 | D:10     | Noticed a two-headed ogre
  8914 | D:10     | Killed a two-headed ogre
  9139 | D:10     | Noticed a two-headed ogre
  9156 | D:10     | Killed a two-headed ogre
  9210 | D:10     | Noticed a two-headed ogre
  9210 | D:10     | Noticed a two-headed ogre
  9223 | D:10     | Killed a two-headed ogre
  9229 | D:10     | Killed a two-headed ogre
  9376 | D:10     | Reached **** piety under the Shining One
  9492 | D:10     | Reached XP level 12. HP: 70/75 MP: 16/16
  9591 | D:10     | Found a staircase to the Lair.
  9831 | D:10     | Identified the Papyrus of Transformation and Poison
  9886 | D:10     | Identified the Collected Works on Shifting Venom
 10229 | Lair:1   | Entered Level 1 of the Lair of Beasts
 10289 | Lair:1   | Reached skill level 5 in Crossbows
 10511 | Lair:1   | Noticed a seven-headed hydra
 10515 | Lair:1   | Killed a seven-headed hydra
 10663 | Lair:1   | Noticed a five-headed hydra
 10672 | Lair:1   | Killed a five-headed hydra
 11302 | Lair:2   | Noticed a seven-headed hydra
 11557 | Lair:2   | Found a staircase to the Shoals.
 11728 | Lair:2   | Killed a seven-headed hydra
 11729 | Lair:2   | Reached XP level 13. HP: 80/80 MP: 18/18
 12116 | Lair:3   | Reached ***** piety under the Shining One
 12835 | Lair:3   | Found a hole to the Spider Nest.
 13405 | Lair:3   | Identified the Compendium of Darkness and Poisoning
 13951 | Lair:4   | Reached skill level 10 in Fighting
 13979 | Lair:4   | Got a steaming flail
 13980 | Lair:4   | Identified the +4 flail of Loguurph {speed, Str+4} (You
                  | found it on level 4 of the Lair of Beasts)
 14347 | Lair:4   | Identified a scroll of acquirement
 14347 | Lair:4   | Acquired 995 gold pieces
 15108 | D:9      | Bought a scroll of blinking for 165 gold pieces
 15156 | D:9      | Bought an uncursed amulet of reflection for 330 gold pieces
 15156 | D:9      | Bought an uncursed ring of protection from cold for 275
                  | gold pieces
 15169 | D:9      | Bought a scroll of remove curse for 69 gold pieces
 15169 | D:9      | Bought a scroll of remove curse for 69 gold pieces
 15169 | D:9      | Bought a scroll of teleportation for 69 gold pieces
 15169 | D:9      | Bought a potion of curing for 69 gold pieces
 15169 | D:9      | Bought a runed scale mail for 161 gold pieces
 15223 | D:9      | Bought a scroll of remove curse for 42 gold pieces
 15723 | Lair:5   | Gained mutation: Your large and strong wings let you fly
                  | indefinitely. [Gargoyle growth]
 15723 | Lair:5   | Reached XP level 14. HP: 88/88 MP: 20/20
 16404 | Lair:6   | Entered Level 6 of the Lair of Beasts
 16519 | Lair:6   | Reached skill level 10 in Armour
 17501 | Lair:6   | Noticed Snorg
 17532 | Lair:6   | Killed Snorg
 18017 | Lair:6   | Noticed Josephine
 18028 | Lair:6   | Killed Josephine
 18102 | Lair:6   | Noticed Nessos
 18117 | Lair:6   | Killed Nessos
 18118 | Lair:6   | Reached skill level 10 in Crossbows
 18215 | Lair:6   | Found a staircase to the Slime Pits.
 18889 | D:11     | Noticed Fannar
 18910 | D:11     | Killed Fannar
 18917 | D:11     | Reached XP level 15. HP: 83/94 MP: 22/22
 19689 | D:12     | Found a staircase to the Orcish Mines.
 19708 | D:12     | Found a roughly hewn altar of Beogh.
 19723 | D:12     | Reached ****** piety under the Shining One
 20443 | Orc:1    | Entered Level 1 of the Orcish Mines
 20514 | Orc:1    | Reached skill level 10 in Invocations
 20704 | Orc:1    | Found a roughly hewn altar of Beogh.
 20780 | Orc:1    | Found a roughly hewn altar of Beogh.
 21036 | Orc:2    | Entered Level 2 of the Orcish Mines
 21407 | Orc:2    | Found a staircase to the Elven Halls.
 22416 | Orc:2    | Noticed an orc warlord
 22445 | Orc:2    | Killed an orc warlord
 23148 | Orc:2    | Found Qaot's Antique Armour Emporium.
 23193 | Orc:2    | Found Wuru's General Store.
 23194 | Orc:2    | Found Laod's Book Shoppe.
 23195 | Orc:2    | Found Cecu's Antique Weapon Emporium.
 23655 | D:8      | Found a runed translucent gate.
 23655 | D:8      | Found a runed translucent gate.
 23658 | D:8      | Found a runed translucent gate.
 23658 | D:8      | Noticed Adamkad1's ghost (journeyman VSFi)
 23671 | D:8      | Killed Adamkad1's ghost
 23708 | D:8      | Gained mutation: You occasionally shout uncontrollably at
                  | your foes. [mutagenic glow]
 23998 | Spider:1 | Entered Level 1 of the Spider Nest
 24499 | Spider:1 | Reached XP level 16. HP: 44/101 MP: 24/24
 24888 | Spider:1 | Got a smoking silver ring
 26445 | Spider:2 | Got a dazzling flail
 26490 | Spider:2 | Identified the +10 flail "Majang's Curse" {freeze, rC+ rN+}
                  | (You found it on level 2 of the Spider Nest)
 26497 | Spider:2 | Identified the ring "Rofrenox" {EV+4 SInv} (You found it on
                  | level 1 of the Spider Nest)
 27139 | Spider:2 | Reached skill level 10 in Dodging
 28380 | Spider:3 | Reached XP level 17. HP: 104/108 MP: 25/25
 28640 | Spider:3 | Got a slimy morningstar
 28641 | Spider:3 | Identified the +7 morningstar of Terra Nullius {vorpal,
                  | Dex+4} (You found it on level 3 of the Spider Nest)
 28965 | Spider:4 | Entered Level 4 of the Spider Nest
 29767 | Spider:4 | Got a fine pewter ring
 31003 | Spider:4 | Got a gossamer rune of Zot
 31252 | Lair:1   | Identified the ring "Suqay" {Fire rElec Will- Int+8 Dex+4}
                  | (You found it on level 4 of the Spider Nest)
 31316 | Shoals:1 | Entered Level 1 of the Shoals
 31601 | Shoals:1 | Reached skill level 1 in Axes
 31875 | Shoals:1 | Noticed Aizul
 31907 | Shoals:1 | Killed Aizul
 32058 | Shoals:1 | Noticed Frances
 32080 | Shoals:1 | Killed Frances
 32081 | Shoals:1 | Reached XP level 18. HP: 115/115 MP: 27/27
 32703 | Shoals:1 | Identified the +4 shortbow of Context {freeze, +Fly rC+++
                  | Int-3 SInv}
 33038 | Shoals:1 | Noticed Donald
 33060 | Shoals:1 | Killed Donald
 35441 | Shoals:2 | Reached skill level 5 in Axes
 36132 | Shoals:3 | Reached skill level 15 in Crossbows
 37567 | Shoals:4 | Entered Level 4 of the Shoals
 37658 | Shoals:4 | Reached XP level 19. HP: 111/121 MP: 29/29
 38501 | Shoals:4 | Found the +7 great mace "Firestarter" {inner flame, rF++}
 39054 | Shoals:4 | Got a bone battleaxe
 39055 | Shoals:4 | Identified the +9 battleaxe "Kurphiuta" {vorpal, +Blink
                  | rElec Int-4} (You found it on level 4 of the Shoals)
 39329 | Shoals:4 | Got a barnacled rune of Zot
 40041 | D:13     | Found a gate to the Vaults.
 40366 | D:13     | Found Adaph's Gadget Shoppe.
 40792 | D:14     | Noticed Louise
 40811 | D:14     | Killed Louise
 40969 | D:14     | Found a stormy altar of Qazlal.
 41114 | D:14     | Found a frozen archway.
 41129 | IceCv    | Entered an ice cave
 41515 | IceCv    | Identified the Papyrus of Heat
 41532 | IceCv    | Identified a +7 executioner's axe of holy wrath (a +5
                  | executioner's axe of freezing blessed by the Shining One)
 41532 | IceCv    | Received a gift from the Shining One
 42586 | D:15     | Entered Level 15 of the Dungeon
 42689 | D:15     | Found a staircase to the Depths.
 42768 | D:15     | Found a roughly hewn altar of Beogh.
 43164 | D:15     | Noticed Urug
 43166 | D:15     | Noticed Harold
 43168 | D:15     | Killed Urug
 43187 | D:15     | Killed Harold
 43625 | Elf:1    | Entered Level 1 of the Elven Halls
 44171 | Elf:1    | Reached XP level 20. HP: 96/128 MP: 30/30
 45170 | Elf:2    | Found an ancient bone altar of Kikubaaqudgha.
 45379 | Elf:2    | Found a runed translucent gate.
 45379 | Elf:2    | Found a runed translucent gate.
 45380 | Elf:2    | Found a runed translucent gate.
 46197 | Elf:2    | Reached skill level 15 in Maces & Flails
 46300 | Elf:2    | Reached skill level 15 in Fighting
 47092 | Vaults:1 | Entered Level 1 of the Vaults
 47641 | Vaults:1 | Reached skill level 15 in Armour
 47757 | Vaults:1 | Identified Sul Veix's Tome of Feathers
 47851 | Vaults:1 | Identified the ring "Qehax" {rPois rF+ Dex+5}
 48715 | Vaults:1 | Reached XP level 21. HP: 123/134 MP: 31/31
 49053 | Vaults:1 | Found Gimudu Daes's Jewellery Emporium.
 49869 | Vaults:2 | Reached skill level 10 in Axes
 51073 | Vaults:2 | Found a runed translucent gate.
 51073 | Vaults:2 | Found a runed translucent gate.
 51073 | Vaults:2 | Found a runed translucent gate.
 51094 | Vaults:2 | Reached skill level 15 in Invocations
 52343 | Vaults:2 | Found a runed translucent gate.
 52343 | Vaults:2 | Found a runed translucent gate.
 52346 | Vaults:2 | Found a runed translucent gate.
 52350 | Vaults:2 | Noticed Jiak's ghost (adept DsCj)
 52379 | Vaults:2 | Killed Jiak's ghost
 52380 | Vaults:2 | Reached XP level 22. HP: 95/141 MP: 33/33
 52706 | Vaults:2 | Got a pair of fine gloves
 52862 | Vaults:2 | Identified the +3 pair of gloves of the Slug {rC+ Dex+6}
                  | (You found it on level 2 of the Vaults)
 52939 | Vaults:3 | Noticed Bai Suzhen
 52958 | Vaults:2 | Killed Bai Suzhen
 53542 | Vaults:3 | Found Yto Mat's Armour Boutique.
 53956 | Vaults:3 | You are sucked into a shaft and drop 1 floor!
 53966 | Vaults:4 | Was placed under penance by the Shining One
 54328 | Vaults:4 | Found Orepio's Armour Emporium.
 54483 | Vaults:4 | Found Ziat Muja's Magic Scroll Boutique.
 54489 | Vaults:4 | Bought a scroll of identify for 34 gold pieces
 54489 | Vaults:4 | Bought 2 scrolls of identify for 68 gold pieces
 54489 | Vaults:4 | Bought a scroll of identify for 34 gold pieces
 54535 | Vaults:4 | Found Kotut's Book Emporium.
 54552 | Vaults:4 | Found Tevalut's Jewellery Shop.
 55203 | Vaults:3 | Noticed Saint Roka
 55222 | Vaults:3 | Killed Saint Roka
 55747 | Vaults:3 | Found a staircase to the Crypt.
 56390 | Vaults:3 | Reached XP level 23. HP: 137/148 MP: 34/34
 56683 | Vaults:4 | Was forgiven by the Shining One
 57452 | Vaults:4 | Found Esiatopp's Distillery.
 57458 | Vaults:4 | Bought a potion of berserk rage for 105 gold pieces
 57458 | Vaults:4 | Bought a potion of attraction for 63 gold pieces
 57458 | Vaults:4 | Bought a potion of heal wounds for 105 gold pieces
 57458 | Vaults:4 | Bought a potion of mutation for 168 gold pieces
 57458 | Vaults:4 | Bought a potion of might for 84 gold pieces
 57458 | Vaults:4 | Bought a potion of haste for 210 gold pieces
 57458 | Vaults:4 | Bought a potion of heal wounds for 105 gold pieces
 57458 | Vaults:4 | Bought a potion of resistance for 210 gold pieces
 57458 | Vaults:4 | Bought a potion of ambrosia for 168 gold pieces
 58458 | Depths:1 | Entered Level 1 of the Depths
 58458 | Depths:1 | Noticed Asterion
 58474 | Depths:1 | Gained mutation: You are occasionally teleported next to
                  | monsters. [a cacodemon]
 59706 | D:15     | Killed Asterion
 59768 | Depths:1 | Paralysed by a sphinx for 4 turns
 60020 | Depths:1 | Paralysed by a sphinx for 2 turns
 60185 | Depths:1 | Found Uresin's Gadget Shoppe.
 60189 | Depths:1 | Found Rumpyexip's Armour Emporium.
 60190 | Depths:1 | Found Pedogorph's Book Shoppe.
 60393 | Depths:1 | Found a gateway to Hell.
 60453 | Depths:1 | Noticed Nikola
 60463 | Depths:1 | Killed Nikola
 60464 | Depths:1 | Reached XP level 24. HP: 134/154 MP: 35/35
 61334 | Depths:1 | Lost mutation: You occasionally shout uncontrollably at
                  | your foes. [potion of mutation]
 61334 | Depths:1 | Lost mutation: You are occasionally teleported next to
                  | monsters. [potion of mutation]
 61334 | Depths:1 | Gained mutation: Your muscles are strong. (Str +2) [potion
                  | of mutation]
 61334 | Depths:1 | Gained mutation: You are agile. (Dex +2) [potion of
                  | mutation]
 61334 | Depths:1 | Gained mutation: You are surrounded by a mild repulsion
                  | field. (EV +2) [potion of mutation]
 61736 | Depths:2 | Found a one-way gate to the infinite horrors of the Abyss.
 61852 | Depths:2 | Found a glowing golden altar of the Shining One.
 62903 | Depths:3 | Found Zuloxt's Elemental Accessories.
 63209 | Depths:3 | Got a fading chain mail
 63220 | Depths:3 | Identified the +7 chain mail of Classification {rPois
                  | Int+4} (You found it on level 3 of the Depths)
 63391 | Depths:3 | Found a one-way gate leading to the halls of Pandemonium.
 63728 | Depths:4 | Noticed Xtahua
 63736 | Depths:4 | Killed Xtahua
 64049 | Depths:4 | Found a gateway to a ziggurat.
 64059 | Depths:4 | Reached XP level 25. HP: 150/160 MP: 35/35
 64134 | Depths:4 | Reached XP level 26. HP: 161/166 MP: 35/35
 64175 | Depths:4 | You are sucked into a shaft and drop 1 floor!
 64175 | Depths:5 | Entered Level 5 of the Depths
 64414 | Depths:5 | Found a gate to the Realm of Zot.
 64529 | Depths:5 | Noticed Sojobo
 64544 | Depths:5 | Killed Sojobo
 64545 | Depths:5 | Reached skill level 15 in Axes
 65436 | Depths:4 | Noticed an ancient lich
 65448 | Depths:4 | Killed an ancient lich
 65623 | Depths:4 | Cast into level 2 of the Abyss (hell knight)
 65669 | Abyss:3  | Found a corrupted altar of Lugonu.
 65832 | Depths:4 | Escaped the Abyss
 66394 | Hell     | Entered the Vestibule of Hell
 66402 | Hell     | Noticed Geryon
 66427 | Hell     | Killed Geryon
 66796 | Hell     | Noticed Murray
 66814 | Hell     | Killed Murray
 66836 | Hell     | Found a gateway to the freezing wastes of Cocytus.
 67067 | Hell     | Found a gateway to the decaying netherworld of Tartarus.
 67212 | Hell     | Found a gateway to the ashen valley of Gehenna.
 67393 | Hell     | Found a gateway to the Iron City of Dis.
 68385 | Elf:3    | Entered Level 3 of the Elven Halls
 68616 | Elf:3    | Found Honlil's Humungous Hoard.
 68624 | Elf:3    | Bought a scroll of holy word for 97 gold pieces
 68716 | Elf:3    | Reached XP level 27. HP: 170/173 MP: 35/35
 68764 | Elf:3    | Identified the cursed +1 rapier "Soshotep" {freeze, +Rage
                  | rPois}
 68791 | Elf:3    | Found Waop Suo's Gadget Emporium.
 68792 | Elf:3    | Found Karodghonycw's Jewellery Boutique.
 68793 | Elf:3    | Found Vionaih's Gadget Emporium.
 69595 | Elf:3    | Identified the ring "Nahept" {*Drain rPois rC+++ Str+5
                  | Stlth+}
 69899 | Elf:3    | Identified the ring of Ippuigock {rElec rPois Dex+4}
 69902 | Elf:3    | Identified the +7 trident of Kaekleuc {elec, *Drain +Blink
                  | rPois Str+2}
 69903 | Elf:3    | Identified the cursed +1 chain mail of Vehumet's
                  | Benevolence {Will+}
 69911 | Elf:3    | Identified the +4 leather armour of Zinen {rF+ Int+3}
 69921 | Elf:3    | Cast into level 2 of the Abyss (a deep elf sorcerer)
 69921 | Abyss:2  | Found an iron altar of Okawaru.
 70222 | Abyss:2  | Found a corrupted altar of Lugonu.
 70427 | Abyss:2  | Noticed an ancient lich
 70434 | Abyss:2  | Killed an ancient lich
 70600 | Elf:3    | Escaped the Abyss
 70888 | Elf:3    | Identified Sif Muna's Collected Works on the Creative Oath
 70916 | Elf:3    | Identified Fowuoj's Almanac of Weightlessness
 70930 | Elf:3    | Identified the Disquisition on Flight and Black Rites
 71524 | Vaults:5 | Entered Level 5 of the Vaults
 71543 | Vaults:5 | Reached skill level 15 in Dodging
 71771 | Vaults:5 | Noticed an ancient lich
 71784 | Vaults:5 | Killed an ancient lich
 71989 | Vaults:5 | Identified the cursed +2 trident of Kyuptin {speed, rC+
                  | Int+3}
 72536 | Vaults:5 | Identified the ring of Elitism {rF+ rN+ Will+ MP+9 Dex-3
                  | Stlth+}
 73313 | Vaults:5 | Got a silver rune of Zot
 73542 | Vaults:5 | Got a sparkling diamond amulet
 73545 | Vaults:5 | Got a warped silver ring
 73565 | Vaults:5 | Identified the amulet "Orphu" {Inacc rPois rF- rC+ rN+++}
                  | (You found it on level 5 of the Vaults)
 73568 | Vaults:5 | Identified the cursed ring of Zudghum {Str+2 Int-4} (You
                  | found it on level 5 of the Vaults)
 73785 | Vaults:5 | Identified the Volume of Evil Secrets and Air
 73795 | Vaults:5 | Found the +0 pair of fencer's gloves {Riposte Dex+3}
 74608 | Crypt:1  | Entered Level 1 of the Crypt
 74742 | Crypt:1  | Noticed Jory
 74750 | Crypt:1  | Killed Jory
 74808 | Crypt:1  | Found a magical portal.
 74811 | WizLab   | Entered The Hall of the Hellbinder
 74983 | WizLab   | Gained mutation: You occasionally shout uncontrollably at
                  | your foes. [a cacodemon]
 74984 | WizLab   | Found a burning altar of Makhleb.
 74995 | WizLab   | Identified the Papyrus of the Escort
 76449 | Crypt:3  | Entered Level 3 of the Crypt
 76750 | Crypt:3  | Found a staircase to the Tomb.
 76984 | Crypt:3  | Found an ancient bone altar of Kikubaaqudgha.
 76990 | Crypt:3  | Found a basalt altar of Yredelemnul.
 77067 | Crypt:3  | Identified Garrybuss's Reference Book on Freezing
                  | Displacement
 77069 | Crypt:3  | Identified the Incunabulum of the Dislocated Birds
 77091 | Crypt:3  | Found the +7 sceptre of Torment {pain, torment}
 77096 | Crypt:3  | Got a steaming wooden ring
 77704 | Hell     | Identified the ring "Fohuugut" {rF+ Str+3 Slay+2} (You
                  | found it on level 3 of the Crypt)
 77806 | Zot:1    | Entered Level 1 of the Realm of Zot
 78934 | Zot:1    | Noticed an orb of fire
 78941 | Zot:1    | Gained mutation: Scrolls take you a little longer to read.
                  | [an orb of fire]
 78950 | Zot:1    | Killed an orb of fire
 78954 | Zot:1    | Lost mutation: You are agile. (Dex +2) [potion of mutation]
 78954 | Zot:1    | Lost mutation: Scrolls take you a little longer to read.
                  | [potion of mutation]
 78954 | Zot:1    | Lost mutation: Your muscles are strong. (Str +2) [potion of
                  | mutation]
 78954 | Zot:1    | Lost mutation: You occasionally shout uncontrollably at
                  | your foes. [potion of mutation]
 78954 | Zot:1    | Gained mutation: You have a pair of small antennae on your
                  | head. [potion of mutation]
 78954 | Zot:1    | Gained mutation: You are somewhat resistant to further
                  | mutation. [potion of mutation]
 83241 | Zot:4    | Noticed an orb of fire
 83265 | Zot:4    | Killed an orb of fire
 83596 | Zot:5    | Entered Level 5 of the Realm of Zot
 83640 | Zot:5    | Noticed an orb of fire
 83641 | Zot:5    | Noticed an orb of fire
 83645 | Zot:5    | Noticed an orb of fire
 83678 | Zot:5    | Noticed an ancient lich
 84322 | Zot:5    | Noticed an orb of fire
 84338 | Zot:5    | Killed an orb of fire
 84600 | Zot:5    | Killed an orb of fire
 84908 | Zot:5    | Killed an orb of fire
 84919 | Zot:5    | Noticed an ancient lich
 84928 | Zot:5    | Killed an ancient lich
 85198 | Zot:5    | Killed an ancient lich
 85252 | Zot:5    | Gained mutation: You are clumsy. (Dex -2) [an orb of fire]
 85256 | Zot:5    | Killed an orb of fire
 85527 | Zot:5    | Got a shimmering arbalest
 85528 | Zot:5    | Identified the +11 arbalest "Hell-Harrower" {elec, rN+
                  | Will+ Str-4 Int+3} (You found it on level 5 of the Realm of
                  | Zot)
 86264 | Vaults:4 | Bought a scroll of immolation for 59 gold pieces
 86852 | Slime:1  | Entered Level 1 of the Pits of Slime
 88411 | Slime:3  | You are sucked into a shaft and drop 1 floor!
 89091 | Slime:4  | Noticed Dissolution
 89096 | Slime:4  | Paralysed by a floating eye for 3 turns
 89102 | Slime:4  | Killed Dissolution
 91181 | Slime:5  | Entered Level 5 of the Pits of Slime
 91222 | Slime:5  | Gained mutation: You are very clumsy. (Dex -4) [a shining
                  | eye]
 91703 | Slime:4  | Found a viscous altar of Jiyva.
 93050 | Slime:5  | Noticed the Royal Jelly
 93067 | Slime:5  | Killed the Royal Jelly
 93380 | Slime:5  | Found the +4 dagger "Morg" {pain, Will+ Int+5}
 93382 | Slime:5  | Found the cursed +14 obsidian axe {vorpal, +Fly SInv
                  | *Curse}
 93385 | Slime:5  | Got a crude glass ring
 93421 | Slime:5  | Got a slimy rune of Zot
 93423 | Slime:5  | Got an ichor-stained great mace
 93424 | Slime:5  | Identified the +6 great mace "Qeam Fer" {antimagic, rPois}
                  | (You found it on level 5 of the Pits of Slime)
 93426 | Slime:5  | Identified the ring "Tiumywn" {+Blink rC+ Str+4} (You found
                  | it on level 5 of the Pits of Slime)
 94351 | Vaults:4 | Lost mutation: You are very clumsy. (Dex -4) [potion of
                  | mutation]
 94770 | Depths:2 | Voluntarily entered the Abyss.
 94823 | Abyss:1  | Paralysed by accursed screaming for 1 turns
 94835 | Abyss:1  | Paralysed by accursed screaming for 1 turns
 94942 | Depths:2 | Escaped the Abyss
 95171 | Depths:2 | Voluntarily entered the Abyss.
 95308 | Abyss:2  | Found a corrupted altar of Lugonu.
 95316 | Abyss:2  | Found a corrupted altar of Lugonu.
 95802 | Abyss:2  | Found a burning altar of Makhleb.
 95805 | Abyss:2  | Found a glowing silver altar of Zin.
 95816 | Abyss:2  | Found a shimmering altar of Xom.
 95816 | Abyss:2  | Found a shadowy altar of Dithmenos.
 95816 | Abyss:2  | Found a snail-covered altar of Cheibriados.
 95816 | Abyss:2  | Found a shimmering blue altar of Sif Muna.
 95817 | Abyss:2  | Found a hide-covered altar of Uskayaw.
 95817 | Abyss:2  | Found a bloodstained altar of Trog.
 95817 | Abyss:2  | Found a radiant altar of Vehumet.
 95817 | Abyss:2  | Found an ancient bone altar of Kikubaaqudgha.
 95818 | Abyss:2  | Found a hazy altar of Hepliaklqana.
 95824 | Abyss:2  | Found an ornate altar of the Wu Jian Council.
 95824 | Abyss:2  | Found a broken altar of Ashenzari.
 95824 | Abyss:2  | Found a white marble altar of Elyvilon.
 95826 | Abyss:2  | Found a glowing golden altar of the Shining One.
 95826 | Abyss:2  | Found a basalt altar of Yredelemnul.
 95826 | Abyss:2  | Found an opulent altar of Gozag.
 95826 | Abyss:2  | Found a sparkling altar of Nemelex Xobeh.
 95828 | Abyss:2  | Found a sparkling altar of Nemelex Xobeh.
 95828 | Abyss:2  | Found a blossoming altar of Fedhas.
 95828 | Abyss:2  | Found an iron altar of Okawaru.
 96380 | Abyss:3  | Found a corrupted altar of Lugonu.
 96676 | Abyss:3  | Gained mutation: Your body sometimes deteriorates upon
                  | taking damage. [a neqoxec]
 96751 | Abyss:3  | Paralysed by accursed screaming for 1 turns
 96757 | Abyss:3  | Paralysed by accursed screaming for 2 turns
 96840 | Abyss:3  | Gained mutation: You are weak. (Str -2) [a neqoxec]
 96963 | Abyss:3  | Got an abyssal rune of Zot
 97175 | Depths:2 | Escaped the Abyss
 97243 | Pan      | Entered Pandemonium
 97370 | Pan      | Found an exit through the horrors of the Abyss.
 97516 | Pan      | Noticed Neonnil the pandemonium lord
 97555 | Pan      | Killed Neonnil the pandemonium lord
 97569 | Pan      | Got a demonic rune of Zot
 97773 | Pan      | Noticed Tocyade the pandemonium lord
 97806 | Pan      | Killed Tocyade the pandemonium lord
 98074 | Pan      | Got a shimmering jade ring
 98075 | Pan      | Identified the ring of the Trout {rPois rF+ Str-4 Int+8
                  | Stlth+} (You found it in Pandemonium)
 98296 | Pan      | Noticed Mennas
 98307 | Pan      | Killed Mennas
 98312 | Pan      | Gained mutation: You are frail. (-10% HP) [a neqoxec]
 98345 | Pan      | Lost mutation: You are somewhat resistant to further
                  | mutation. [potion of mutation]
 98345 | Pan      | Lost mutation: You are weak. (Str -2) [potion of mutation]
 98345 | Pan      | Lost mutation: Your body sometimes deteriorates upon taking
                  | damage. [potion of mutation]
 98345 | Pan      | Lost mutation: You are frail. (-10% HP) [potion of
                  | mutation]
 98345 | Pan      | Gained mutation: Your body sometimes deteriorates upon
                  | taking damage. [potion of mutation]
 98345 | Pan      | Gained mutation: Your spells are a little harder to cast,
                  | but a little more powerful. [potion of mutation]
 98595 | Pan      | Got a crude plate armour
 98596 | Pan      | Identified the +6 plate armour of Dishonour {Dex+8} (You
                  | found it in Pandemonium)
 99174 | Pan      | Noticed Xaha the pandemonium lord
 99187 | Pan      | Killed Xaha the pandemonium lord
 99439 | Pan      | Got masterwork pearl dragon scales
 99450 | Pan      | Identified the +1 pearl dragon scales of a volcano {rPois
                  | rN+} (You found it in Pandemonium)
 99498 | Pan      | Gained mutation: You are weak. (Str -2) [a cacodemon]
 99499 | Pan      | Lost mutation: Your spells are a little harder to cast, but
                  | a little more powerful. [a cacodemon]
 99843 | Pan      | Noticed Muonau the pandemonium lord
 99857 | Pan      | Killed Muonau the pandemonium lord
 99858 | Pan      | Paralysed by you for 6 turns
100125 | Pan      | Entered the realm of Mnoleg.
100138 | Pan      | Noticed Mnoleg
100156 | Pan      | Killed Mnoleg
100215 | Pan      | Got a glowing rune of Zot
100568 | Pan      | Noticed Beub the pandemonium lord
100588 | Pan      | Killed Beub the pandemonium lord
100835 | Pan      | Entered the realm of Gloorx Vloq.
100844 | Pan      | Noticed Gloorx Vloq
100854 | Pan      | Killed Gloorx Vloq
100881 | Pan      | Got a dark rune of Zot
100990 | Pan      | Found an exit through the horrors of the Abyss.
101054 | Pan      | Gained mutation: You are frail. (-10% HP) [a neqoxec]
101061 | Pan      | Lost mutation: You are weak. (Str -2) [potion of mutation]
101061 | Pan      | Lost mutation: You are clumsy. (Dex -2) [potion of
                  | mutation]
101061 | Pan      | Gained mutation: Your mind is acute. (Int +2) [potion of
                  | mutation]
101061 | Pan      | Gained mutation: Your flesh is heat resistant. (rF+)
                  | [potion of mutation]
101061 | Pan      | Gained mutation: You are strong-willed. (Will+) [potion of
                  | mutation]
101062 | Pan      | Lost mutation: You are strong-willed. (Will+) [potion of
                  | mutation]
101062 | Pan      | Lost mutation: Your flesh is heat resistant. (rF+) [potion
                  | of mutation]
101062 | Pan      | Lost mutation: Your mind is acute. (Int +2) [potion of
                  | mutation]
101062 | Pan      | Gained mutation: Potions are less effective at restoring
                  | your health. [potion of mutation]
101062 | Pan      | Gained mutation: You are weak. (Str -2) [potion of
                  | mutation]
101062 | Pan      | Gained mutation: You have sharp fingernails. [potion of
                  | mutation]
101063 | Pan      | Lost mutation: You are frail. (-10% HP) [potion of
                  | mutation]
101063 | Pan      | Lost mutation: Potions are less effective at restoring your
                  | health. [potion of mutation]
101063 | Pan      | Lost mutation: Your body sometimes deteriorates upon taking
                  | damage. [potion of mutation]
101063 | Pan      | Gained mutation: Armour fits poorly on your strangely
                  | shaped body. [potion of mutation]
101063 | Pan      | Gained mutation: You are frail. (-10% HP) [potion of
                  | mutation]
101063 | Pan      | Gained mutation: Your flesh is heat resistant. (rF+)
                  | [potion of mutation]
101064 | Pan      | Lost mutation: You are frail. (-10% HP) [potion of
                  | mutation]
101064 | Pan      | Lost mutation: You have a pair of small antennae on your
                  | head. [potion of mutation]
101064 | Pan      | Lost mutation: You are weak. (Str -2) [potion of mutation]
101064 | Pan      | Gained mutation: Your movements are slightly less
                  | encumbered by armour. (ER -2) [potion of mutation]
101203 | Pan      | Noticed Ignacio
101210 | Pan      | Killed Ignacio
101469 | Pan      | Found a transporter.
101471 | Pan      | Found a transporter.
101555 | Pan      | Got a brightly glowing wooden ring
101560 | Pan      | Got a blackened hat
101561 | Pan      | Identified the cursed +0 hat of Zeex {-Tele rF+++ rCorr
                  | Stlth+} (You found it in Pandemonium)
101563 | Pan      | Identified the ring "Qesch" {+Fly rN+ Slay+2} (You found it
                  | in Pandemonium)
101736 | Pan      | Found an exit through the horrors of the Abyss.
101770 | Pan      | Noticed Eluelerch the pandemonium lord
101779 | Pan      | Killed Eluelerch the pandemonium lord
101782 | Pan      | Gained mutation: You tend to lose your temper in combat. [a
                  | cacodemon]
101801 | Pan      | Lost mutation: You are surrounded by a mild repulsion
                  | field. (EV +2) [potion of mutation]
101801 | Pan      | Lost mutation: Armour fits poorly on your strangely shaped
                  | body. [potion of mutation]
101801 | Pan      | Lost mutation: You tend to lose your temper in combat.
                  | [potion of mutation]
101801 | Pan      | Gained mutation: You have a pair of small horns on your
                  | head. [potion of mutation]
101801 | Pan      | Gained mutation: Your muscles are strong. (Str +2) [potion
                  | of mutation]
101901 | Pan      | Entered the realm of Lom Lobon.
102120 | Pan      | Noticed Lom Lobon
102134 | Pan      | Killed Lom Lobon
102330 | Pan      | Got a magical rune of Zot
102590 | Pan      | Noticed Ruulytong the pandemonium lord
102611 | Pan      | Killed Ruulytong the pandemonium lord
102799 | Pan      | Gained mutation: Your magical capacity is low. (-10% MP) [a
                  | cacodemon]
102934 | Pan      | Entered the realm of Cerebov.
103069 | Pan      | Identified the +8 dire flail of Dust {vorpal, rC+}
103090 | Pan      | Identified the +6 sword of Cerebov {flame}
103090 | Pan      | Noticed Cerebov
103099 | Pan      | Identified the +2 chain mail of Gech {-Tele rElec Int+3}
103106 | Pan      | Identified the +6 broad axe of the Boiling Point {vorpal,
                  | Will+ Str+3 SInv}
103106 | Pan      | Identified the cursed +0 robe "Vualle" {Will+}
103106 | Pan      | Identified the cursed ring of the Oracle {rPois Str-5 Int-4
                  | Dex+2 Stlth+}
103115 | Pan      | Killed Cerebov
103155 | Pan      | Identified the Handbook of the Burning Compass
103182 | Pan      | Got a slimy plate armour
103183 | Pan      | Identified the +13 plate armour of Demons {Regen+ Str+4}
                  | (You found it in Pandemonium)
103268 | Pan      | Got a steaming morningstar
103269 | Pan      | Identified the cursed +1 morningstar of the Eternal Void
                  | {elec, rC+} (You found it in Pandemonium)
103287 | Pan      | Got a slimy plate armour
103288 | Pan      | Identified the cursed +0 plate armour of Dicomy {rElec
                  | Stlth+} (You found it in Pandemonium)
103307 | Pan      | Got a fiery rune of Zot
103357 | Pan      | Found an exit through the horrors of the Abyss.
103369 | Pan      | Took an exit into the Abyss.
103369 | Abyss:1  | Escaped into the Abyss
103498 | Depths:3 | Escaped the Abyss
104157 | Tomb:1   | Entered Level 1 of the Tomb of the Ancients
104300 | Tomb:1   | Noticed a royal mummy
104304 | Tomb:1   | Killed a royal mummy
104732 | Tomb:1   | Noticed a royal mummy
104738 | Tomb:1   | Killed a royal mummy
104766 | Tomb:1   | Identified the ring "Mufub" {Ice Will- Int+2 Dex+4}
105171 | Tomb:1   | Noticed a royal mummy
105179 | Tomb:1   | Killed a royal mummy
105282 | Tomb:2   | Noticed a royal mummy
105283 | Tomb:2   | Noticed a royal mummy
105283 | Tomb:2   | Noticed a royal mummy
105288 | Tomb:2   | Noticed a royal mummy
105295 | Tomb:2   | Killed a royal mummy
105299 | Tomb:2   | Killed a royal mummy
105300 | Tomb:2   | Killed a royal mummy
105300 | Tomb:2   | Killed a royal mummy
105816 | Tomb:1   | Noticed a royal mummy
105817 | Tomb:1   | Noticed a royal mummy
105817 | Tomb:1   | Noticed a royal mummy
105818 | Tomb:1   | Noticed a royal mummy
105819 | Tomb:1   | Noticed a royal mummy
105819 | Tomb:1   | Noticed a royal mummy
105821 | Tomb:1   | Noticed a royal mummy
105822 | Tomb:1   | Killed a royal mummy
105826 | Tomb:1   | Noticed a royal mummy
105830 | Tomb:1   | Killed a royal mummy
105838 | Tomb:1   | Killed a royal mummy
105844 | Tomb:1   | Noticed a royal mummy
105846 | Tomb:1   | Killed a royal mummy
105846 | Tomb:1   | HP: 5/192 [something (17)]
105847 | Tomb:1   | Killed a royal mummy
105847 | Tomb:1   | The Shining One protects you from harm!
105848 | Tomb:1   | Killed a royal mummy
105848 | Tomb:1   | The Shining One protects you from harm!
105848 | Tomb:1   | Noticed a royal mummy
105850 | Tomb:1   | HP: 2/192 [phantasmal warrior[a royal mummy] (11)]
105852 | Tomb:1   | Killed a royal mummy
105853 | Tomb:1   | Killed a royal mummy
105854 | Tomb:1   | Killed a royal mummy
105855 | Tomb:1   | Killed a royal mummy
105858 | Tomb:1   | Noticed a royal mummy
105866 | Tomb:1   | Killed a royal mummy
106379 | Tomb:1   | Noticed a royal mummy
106383 | Tomb:1   | Killed a royal mummy
106384 | Tomb:1   | Noticed a royal mummy
106390 | Tomb:1   | Killed a royal mummy
106476 | Tomb:1   | Noticed a royal mummy
106484 | Tomb:1   | Killed a royal mummy
106525 | Tomb:1   | Noticed a royal mummy
106527 | Tomb:1   | Noticed a royal mummy
106527 | Tomb:1   | Noticed a royal mummy
106528 | Tomb:1   | Noticed a royal mummy
106543 | Tomb:1   | Killed a royal mummy
106549 | Tomb:1   | Killed a royal mummy
106551 | Tomb:1   | Killed a royal mummy
106552 | Tomb:1   | Killed a royal mummy
107635 | Coc:1    | Entered Level 1 of Cocytus
108093 | Coc:7    | Entered Level 7 of Cocytus
108547 | Coc:7    | Noticed Antaeus
108576 | Coc:7    | Killed Antaeus
108780 | Coc:7    | Got an icy rune of Zot
108810 | Coc:7    | Found the +9 staff of Olgreb {rPois∞}
108813 | Coc:7    | Got a fine wooden ring
108814 | Coc:7    | Identified the ring "Teckamu" {rC+ rN+ Str+5} (You found it
                  | on level 7 of Cocytus)
109021 | Geh:1    | Entered Level 1 of Gehenna
110205 | Geh:7    | Entered Level 7 of Gehenna
110895 | Geh:7    | Identified the Disquisition on the Ensnaring Blaze
111100 | Geh:7    | Found the +9 staff of Wucad Mu {channel}
111121 | Geh:7    | Identified Further Steps in Witchcraft
111345 | Geh:7    | Identified the +7 sceptre of Asmodeus
111345 | Geh:7    | Noticed Asmodeus
111357 | Geh:7    | Killed Asmodeus
111367 | Geh:7    | Found the +10 Black Knight's barding {ponderous, rPois rN+}
111385 | Geh:7    | Identified the Tome of Gliding Poison
111400 | Geh:7    | Got an obsidian rune of Zot
111412 | Geh:7    | Got an ancient hat
111468 | Geh:7    | Identified the cursed +0 hat of the Known World {rElec MP+9
                  | Int+4} (You found it on level 7 of Gehenna)
111823 | Zig:1    | Entered Level 1 of a ziggurat
111838 | Zig:2    | Entered Level 2 of a ziggurat
111863 | Zig:3    | Entered Level 3 of a ziggurat
111878 | Zig:4    | Entered Level 4 of a ziggurat
111903 | Zig:5    | Entered Level 5 of a ziggurat
111905 | Zig:5    | Noticed a royal mummy
111911 | Zig:5    | Killed a royal mummy
111912 | Zig:5    | Reached skill level 1 in Polearms
111912 | Zig:5    | Reached skill level 1 in Staves
111996 | Zig:6    | Entered Level 6 of a ziggurat
112021 | Zig:6    | Identified Ropy's Tome of Evil Magic and Confrontation
112032 | Zig:7    | Entered Level 7 of a ziggurat
112064 | Zig:7    | Identified the Handbook of Attacks
112067 | Zig:7    | Got a distressingly furry plate armour
112068 | Zig:7    | Identified the +2 plate armour of Asceticism {rN+ Str+2}
                  | (You found it on level 7 of a ziggurat)
112078 | Zig:8    | Entered Level 8 of a ziggurat
112082 | Zig:8    | Noticed a royal mummy
112090 | Zig:8    | Killed a royal mummy
112117 | Zig:9    | Entered Level 9 of a ziggurat
112201 | Zig:10   | Entered Level 10 of a ziggurat
112242 | Zig:10   | Identified the Reference Book on the Destructive Glacier
112244 | Zig:10   | Identified Gotaipn's Almanac of Mutagenic Clay
112310 | Zig:11   | Entered Level 11 of a ziggurat
112324 | Zig:11   | Paralysed by accursed screaming for 1 turns
112333 | Zig:11   | Paralysed by accursed screaming for 1 turns
112408 | Zig:11   | Identified Sif Muna's Tome of Stolen Souls
112435 | Zig:12   | Entered Level 12 of a ziggurat
112442 | Zig:12   | Noticed a juggernaut
112463 | Zig:12   | Killed a juggernaut
112811 | Zig:12   | Got an encrusted arbalest
112837 | Zig:12   | Identified the +2 arbalest of the Ghost {vorpal, Str+3
                  | SInv} (You found it on level 12 of a ziggurat)
112843 | Zig:13   | Entered Level 13 of a ziggurat
112858 | Zig:13   | Paralysed by accursed screaming for 2 turns
112866 | Zig:13   | Reached skill level 5 in Staves
112930 | Zig:13   | Identified the Incunabulum of Flight and Damage Dealing
112944 | Zig:13   | Reached skill level 10 in Evocations
112945 | Zig:13   | Reached skill level 27 in Crossbows
112951 | Zig:14   | Entered Level 14 of a ziggurat
113015 | Zig:14   | Identified the Tome of Air and Ice
113025 | Zig:14   | Identified Wiel's Guide on Warped Feathers
113038 | Zig:15   | Entered Level 15 of a ziggurat
113101 | Zig:15   | Got a translucent bone ring
113103 | Zig:15   | Got a transparent battleaxe
113114 | Zig:15   | Got a translucent plate armour
113115 | Zig:15   | Identified the +7 battleaxe of the Unseen Realm {freeze,
                  | *Drain rPois Will+} (You found it on level 15 of a
                  | ziggurat)
113117 | Zig:15   | Identified the +5 plate armour of the Vaults {*Drain +Fly
                  | rC- rN+++} (You found it on level 15 of a ziggurat)
113123 | Zig:15   | Identified the ring of the Wild Haggis {rF+ Int+3 Dex+6
                  | SInv} (You found it on level 15 of a ziggurat)
113128 | Zig:16   | Entered Level 16 of a ziggurat
113169 | Zig:16   | Reached skill level 5 in Polearms
113201 | Zig:16   | Got a steaming marble ring
113256 | Zig:16   | Identified the ring of the King {Ice Str+4 Dex+4 Stlth+}
                  | (You found it on level 16 of a ziggurat)
113262 | Zig:17   | Entered Level 17 of a ziggurat
113274 | Zig:17   | Paralysed by accursed screaming for 1 turns
113279 | Zig:17   | Paralysed by accursed screaming for 2 turns
113285 | Zig:17   | Paralysed by accursed screaming for 2 turns
113509 | Zig:17   | Found the ring of Shadows {Umbra +Inv Stlth+}
113514 | Zig:17   | Got a fine marble ring
113548 | Zig:17   | Identified the ring of Ydiner {Wiz rPois Dex+7} (You found
                  | it on level 17 of a ziggurat)
113555 | Zig:17   | Upgraded the game from 0.26-a0-1161-g0398aca569 to
                  | 0.26-a0-1197-gd68fa41eda
113560 | Zig:18   | Entered Level 18 of a ziggurat
113569 | Zig:18   | Noticed Oron the pandemonium lord
113571 | Zig:18   | Noticed Osumn the pandemonium lord
113571 | Zig:18   | Noticed Qifim the pandemonium lord
113575 | Zig:18   | Noticed Wewk the pandemonium lord
113578 | Zig:18   | Killed Osumn the pandemonium lord
113580 | Zig:18   | Killed Oron the pandemonium lord
113586 | Zig:18   | Killed Qifim the pandemonium lord
113592 | Zig:18   | Noticed Qicki the pandemonium lord
113594 | Zig:18   | Killed Wewk the pandemonium lord
113596 | Zig:18   | Noticed Qeju Jan the pandemonium lord
113599 | Zig:18   | Lost mutation: Your magical capacity is low. (-10% MP)
                  | [mutagenic glow]
113600 | Zig:18   | Killed Qicki the pandemonium lord
113600 | Zig:18   | Noticed Zok Jodic the pandemonium lord
113601 | Zig:18   | Noticed Wosuwk the pandemonium lord
113605 | Zig:18   | Noticed Duowuimo the pandemonium lord
113612 | Zig:18   | Killed Qeju Jan the pandemonium lord
113613 | Zig:18   | Reached skill level 27 in Fighting
113615 | Zig:18   | Killed Wosuwk the pandemonium lord
113617 | Zig:18   | Killed Zok Jodic the pandemonium lord
113620 | Zig:18   | Reached skill level 27 in Armour
113622 | Zig:18   | Killed Duowuimo the pandemonium lord
113623 | Zig:18   | Reached skill level 10 in Staves
113623 | Zig:18   | Gained mutation: Your magical capacity is low. (-10% MP)
                  | [mutagenic glow]
113671 | Zig:18   | Identified the +5 flail "Taippymuhu" {chaos, rN+} (You
                  | found it on level 18 of a ziggurat)
113686 | Zig:19   | Entered Level 19 of a ziggurat
114104 | Zig:20   | Entered Level 20 of a ziggurat
114166 | Zig:20   | Reached skill level 27 in Invocations
114268 | Zig:21   | Entered Level 21 of a ziggurat
114308 | Zig:21   | Found the macabre finger necklace {rN+}
114314 | Zig:21   | Cast into level 2 of the Abyss (a deep elf demonologist)
114383 | Abyss:2  | Got a pair of slimy gloves
114384 | Abyss:2  | Identified the +0 pair of gloves "Ercheibo" {rC+ Will-
                  | rCorr Str+7} (You found it on level 2 of the Abyss)
114778 | Zig:21   | Escaped the Abyss
115177 | Zig:21   | Identified a +0 pair of boots of running (You found it on
                  | level 21 of a ziggurat)
115193 | Zig:21   | Reached skill level 15 in Evocations
115204 | Zig:22   | Entered Level 22 of a ziggurat
115230 | Zig:22   | Killed from afar by a hellion

Illustrated notes

Levels and vault maps discovered:
D:1:      wander_arrival_chamber, layout_rooms, hex_tiny, nrook_uturn
D:2:      layout_loops_ring
D:3:      layout_loops_ring
D:4:      layout_gridville, hangedman_decor_opposing, palyth_stone_intersect,
          uniq_sigmund, uniq_pikel
D:5:      layout_cave_pods, minmay_temple_entry_statues,
          gammafunk_ghost_necromancy, uniq_edmund, uniq_duvessa
D:6:      layout_basic
D:7:      layout_gridville, uniq_maggie
D:8:      layout_gridville, ploomutoo_gammafunk_ghost_potion_laboratory,
          minmay_misc_feat_roman, lightli_corner_chamber
D:9:      layout_cave_pools, lemuel_blue_sif_altar, serial_shops, shop, shop,
          shop_coins, shop, nicolae_shop_crystal, serial_bayou_ford_a
D:10:     minmay_the_grid_octo_tiled_octocenter
          [minmay_the_grid_octo_checkerflower, minmay_the_grid_octo_teeth,
          minmay_the_grid_octo_vomiting_pacman, minmay_the_grid_octo_fan_narrow,
          minmay_the_grid_octo_prize_single_spiral,
          minmay_the_grid_square_5x5_three, minmay_the_grid_square_5x5_detours,
          minmay_the_grid_square_5x5_shrine2,
          minmay_the_grid_square_5x5_eight_small], layout_basic,
          minmay_lair_entry_grove
D:11:     layout_basic, uniq_fannar
D:12:     layout_rooms, minmay_orc_entry_temple_small, nicolae_lava_and_water
D:13:     layout_loops_ring, ximxim_vaults_locker_room, serial_shops,
          nicolae_shop_trees
D:14:     layout_cave_pods, serial_ice, serial_ice_k, serial_ice_n,
          serial_ice_c, serial_ice_b, portal_ice_cave_entry_animals_and_master,
          hangedman_decor_slide_cut, lemuel_oklob_altar, uniq_louise
D:15:     hangedman_depths_entry_civil_slaughter, layout_basic, special_room
          [special_room_orc], minmay_misc_feat_rows, sword_in_stone
Temple:   minmay_crystal_snake_temple
Lair:1:   layout_loops_ring, minmay_lair_oklob_chamber
Lair:2:   layout_misc_corridors, shoals_dummy_entry, fungi_pond_lemuel,
          minivault_26, minivault_11, cheibrodos_lair_caveside_slide,
          roderic_batcave, chequers_serial_rivers_room_b, beast_lair_carwin_2,
          uniq_harold
Lair:3:   cheibrodos_lair_overgrown_chateau, layout_misc_corridors,
          spider_nest_entry_funnel_web, serial_bayou_lake_a
Lair:4:   nzn_winding_woodlands_stair_trap [nzn_winding_woodlands_5x15_pool,
          nzn_winding_woodlands_5x15_concentric,
          nzn_winding_woodlands_5x15_parted,
          nzn_winding_woodlands_15x15_eel_pit,
          nzn_winding_woodlands_5x15_river_crossing,
          nzn_winding_woodlands_5x15_pockets,
          nzn_winging_woodlands_5x15_pathside_ponds], layout_hall_layers
Lair:5:   layout_cave_pods
Lair:6:   gammafunk_lair_ancient_temple, layout_misc_corridors,
          minmay_slime_entry_pillars, st_stairs_11, grunt_forest_stairs_basic,
          minivault_27, uniq_nessos, uniq_josephine, uniq_snorg
Shoals:1: argonaut_golden_fleece, layout_shoals, nzn_prometheus_bound,
          centaur_isle, uniq_donald, uniq_aizul, uniq_frances
Shoals:2: layout_shoals, hangedman_shoal_volcano
Shoals:3: layout_shoals, nicolae_shoals_mertower
Shoals:4: shoals_end_simple, layout_shoals
Spider:1: layout_spider_delve
Spider:2: spiders_nest_scorpion_pit, minivault_29, nicolae_spider_cling_halls
Spider:3: layout_spider_delve
Spider:4: guppyfry_spider_rune, drop_trap, hive_lemuel
Slime:1:  layout_caves, cheibrodos_slime_lost_civilization_7
Slime:2:  layout_caves
Slime:3:  layout_caves
Slime:4:  cheibrodos_slime_lost_civilization_3, layout_caves, basic_altar,
          dissolution_awaits
Slime:5
Orc:1:    layout_caves, basic_altar, minmay_orc_temple_a
Orc:2:    st_orc_congregation, layout_diamond_mine
Elf:1:    layout_loops_corners, kennysheep_underground_church, corner_web_ring
Elf:2:    layout_loops_corners, basic_altar, nrook_loot_triangle
Elf:3:    minmay_elf_hall_furrowed, layout_geoelf_castle, minivault_5,
          nicolae_alphabet_shops, minmay_shop_grove
Vaults:1: vaults_dpeg_spiral, nicolae_vaults_diagonal_hallway_7,
          vaults_room_ringed_pool, st_hourglassy, hangedman_vaults_slice,
          v_alt_pattern_3, vaults_room_mumra_shop_pool, vaults_room_fours,
          nicolae_vaults_ninety_degrees, vaults_room_grunt_arrival_ludios,
          v_pattern_5, nicolae_vaults_alarming, nicolae_vaults_asterisk,
          layout_vaults_big_cross, serial_hangedman_research,
          hangedman_research_electronics
Vaults:2: ploomutoo_gammafunk_vaults_ghost_potion_laboratory,
          hangedman_vaults_corner, vaults_mumra_lcd, v_misc_28,
          hangedman_vaults_corner_blocks, hangedman_vaults_trim,
          nicolae_vaults_little_squares_1, vaults_mumra_hexcomb,
          layout_vaults_omnigrid
Vaults:3: v_misc_24, vaults_room_hallway, grunt_vaults_twisty,
          minmay_crypt_entry_simple_walls, dpeg_vaults_monster_box, v_misc_9,
          nicolae_vaults_what_the_h, vaults_room_pool, v_misc_22,
          nicolae_vaults_three_branches, v_misc_28, layout_vaults_big_room,
          uniq_saint_roka, uniq_bai_suzhen
Vaults:4: vaults_room_stairs_pillars, v_misc_17, v_misc_5,
          grunt_vaults_diagonal, v_rooms_2, nicolae_vaults_ring_of_whatevers,
          ontoclasm_vaults_misaligned, ontoclasm_vaults_gateway,
          vaults_mumra_bighexcomb, ontoclasm_vaults_bender,
          ontoclasm_vaults_ring_square, grunt_vaults_swirl,
          nicolae_vaults_shelves_hall, vaults_room_corners,
          layout_vaults_maze_snakey, serial_shops, shop, nicolae_shop_crystal,
          shop, shop, shop
Vaults:5: serial_shops
Crypt:1:  layout_misc_corridors, mu_enter_wizlab_7, uniq_jory
Crypt:2:  layout_chaotic_city, serial_sigils_hangedman_writhe, minivault_26
Crypt:3:  lightli_unholy_cathedral, layout_chaotic_city, grunt_megastairs_3
Tomb:1
Tomb:2
Depths:1: layout_cave_shapes, pf_hell_entry_tar_river, drop_trap,
          kennysheep_generic_room_9, firewood_loft, minmay_shop_star,
          serial_bayou_shore_a, uniq_nikola, uniq_asterion
Depths:2: wander_protected_by_tso, layout_cave_pools, hell_entry,
          serial_sigils_hangedman_leer, marbit_kobold_abyss_entry
Depths:3: thingy_vault, layout_honeycomb, pan_entry,
          serial_sigils_hangedman_clutch, lightli_too_deep,
          nicolae_elemental_shop, minmay_gold_behind_fungi, lemuel_old_faithful
Depths:4: lemuel_river_lethe, hell_entry, abyss_entry, uniq_margery, uniq_xtahua
Depths:5: evilmike_zot_entry_basic, layout_basic, minmay_misc_feat_nine_boxes,
          pf_vacation_house_of_asmodeus, uniq_sojobo
Hell
Geh:1:    layout_gehenna_pools_box
Geh:2:    layout_gehenna_pools_box
Geh:3:    layout_gehenna_lava_caves
Geh:4:    layout_gehenna_lava_caves
Geh:5:    layout_gehenna_pools_triple
Geh:6:    layout_gehenna_pools_basic
Geh:7:    geh_mu
Coc:1:    layout_cocytus_water_paths
Coc:2:    layout_cocytus_delve
Coc:3:    layout_cocytus_water_paths
Coc:4:    layout_ice_bergs
Coc:5:    layout_cocytus_water_paths
Coc:6:    layout_cocytus_delve, hangedman_elemental_corridor
Coc:7:    coc_old
Zot:1:    kennysheep_blocky_hall, layout_cathedral_of_symmetry,
          amethyst_zot_foddershock
Zot:2:    layout_misc_corridors
Zot:3:    lemuel_draconian_sentries, layout_gridlike
Zot:4:    layout_basic
Zot:5:    layout_basic
Zig:22:   ziggurat_pillar_e, ziggurat_pillar_e, ziggurat_pillar_e,
          ziggurat_pillar_e

Skill      XL: |  1  2  3  4  5  6  7  8  9 10 11 12 13 14 15 16 17 18 19 20 21 22 23 24 25 26 27 |
---------------+----------------------------------------------------------------------------------+-----
Armour         | 1 2 3 4 6 7 8 9 10 11 12 13 14 15 16 17 27 | 27.0
Fighting       | 3 4 5 6 7 8 9 10 11 12 13 14 15 16 17 18 27 | 27.0
Maces & Flails | 4 5 6 7 8 9 10 12 13 14 15 16 17 18 20 | 20.0
Dodging        | 3 4 5 6 7 8 9 10 11 12 13 14 22 | 22.3
Shields        | 2 3 4 |  4.0
Invocations    | 1 3 5 6 7 8 9 10 11 12 13 14 15 16 17 27 | 27.0
Evocations     | 2 3 15 | 15.5
Crossbows      | 4 6 8 10 11 13 14 15 16 17 18 27 | 27.0
Axes           | 2 6 8 9 11 12 13 14 16 25 | 25.2
Polearms       | 8 |  8.3
Staves         | 12 | 12.3
Throwing       | |  1.7

Action                   |  1- 3 |  4- 6 |  7- 9 | 10-12 | 13-15 | 16-18 | 19-21 | 22-24 | 25-27 || total
-------------------------+-------+-------+-------+-------+-------+-------+-------+-------+-------++-------
Melee: Whip              |    75 |   138 |    50 |    29 |       |       |       |       |       ||   292
       Flail             |     3 |    44 |    79 |    22 |     3 |    48 |       |       |       ||   199
       Dire flail        |       |       |   141 |   558 |  1228 |  1508 |   142 |       |       ||  3577
       Great mace        |       |       |       |       |       |       |   861 |   994 |  1274 ||  3129
       Executioner's axe |       |       |       |       |       |       |     5 |    27 |  3817 ||  3849
       Headbutt          |       |       |       |       |       |       |       |       |   554 ||   554
 Fire: Hand crossbow     |       |       |       |    29 |    96 |       |       |       |       ||   125
       Arbalest          |       |       |       |       |    65 |   267 |   123 |   110 |   545 ||  1110
       Triple crossbow   |       |       |       |       |       |       |       |       |    40 ||    40
Throw: Boomerang         |       |     3 |    10 |     9 |       |       |       |       |       ||    22
       Throwing net      |       |       |     1 |     1 |       |       |       |       |       ||     2
       Dart              |       |       |       |     7 |       |       |       |       |       ||     7
Invok: Cleansing Flame   |       |       |       |       |     2 |       |     1 |     2 |    25 ||    30
       Summon Divine War |       |       |       |       |     1 |       |       |     2 |     4 ||     7
       Brand Weapon With |       |       |       |       |       |       |     1 |       |       ||     1
       Divine Shield     |       |       |       |       |       |       |     1 |     1 |     5 ||     7
 Abil: Fly               |       |       |       |       |     2 |       |       |       |       ||     2
       Stop Flying       |       |       |       |       |     1 |       |       |       |       ||     1
Evoke: Wand              |       |       |       |     2 |     1 |    21 |     3 |       |    11 ||    38
       Tin of tremorston |       |       |       |       |       |       |       |       |     3 ||     3
  Use: Potion            |       |     3 |     1 |     1 |     5 |     2 |     6 |     5 |    55 ||    78
       Scroll            |       |       |    13 |    16 |    13 |     9 |    13 |     5 |    79 ||   148
 Stab: Held in net/web   |       |       |     1 |       |       |       |       |       |       ||     1
Armor: Leather armour    |    13 |       |       |       |       |       |       |       |       ||    13
       Ring mail         |    18 |    56 |    11 |       |       |       |       |       |       ||    85
       Chain mail        |       |       |    76 |       |       |       |       |   461 |   467 ||  1004
       Scale mail        |       |       |    24 |   234 |   729 |  1145 |   661 |   256 |       ||  3049
       Gold dragon scale |       |       |       |       |       |       |       |       |  3178 ||  3178
Dodge: Dodged            |    54 |    78 |   124 |   359 |   904 |  1554 |   695 |  1004 |  3931 ||  8703
Block: Buckler           |       |    16 |    20 |       |       |       |       |       |       ||    36
       Other             |       |       |       |       |       |   262 |   196 |   270 |  1153 ||  1881
       Reflection        |       |       |       |       |       |    11 |    19 |    29 |    43 ||   102
       Rpst.: Executioner's axe |       |       |       |       |       |       |       |       |   236 ||   236
       Great mace        |       |       |       |       |       |       |       |       |    63 ||    63
       Arbalest          |       |       |       |       |       |       |       |       |     5 ||     5

Table legend: (Time is in decaauts)
 A = Elapsed time spent in this place.
 B = Non-inter-level travel time spent in this place.
 C = Inter-level travel time spent in this place.
 D = Time resting spent in this place.
 E = Time spent auto-exploring this place.
 F = Levels seen in this place.
 G = Mean time per level.
                   A        B        C        D        E       F      G
               +--------+--------+--------+--------+--------+-----+--------+
         Total | 112499 | 102541 |   9958 |  33865 |  28004 | 132 |  852.3 |
       Dungeon |  19369 |  16212 |   3157 |   4287 |   7682 |  15 | 1291.3 |
        Temple |    216 |    171 |     45 |      0 |      0 |   1 |  216.0 |
          Lair |   9484 |   8560 |    924 |   2534 |   3510 |   6 | 1580.7 |
        Shoals |   7927 |   7703 |    224 |   3830 |    705 |   4 | 1981.8 |
   Spider Nest |   6500 |   6371 |    129 |   2972 |    906 |   4 | 1625.0 |
    Slime Pits |   6778 |   6465 |    313 |   3255 |   1787 |   5 | 1355.6 |
  Orcish Mines |   2873 |   2661 |    212 |    904 |    666 |   2 | 1436.5 |
   Elven Halls |   5302 |   5056 |    246 |   1503 |   1356 |   3 | 1767.3 |
        Vaults |  15139 |  12752 |   2387 |   5398 |   3354 |   5 | 3027.8 |
         Crypt |   2514 |   2222 |    292 |      0 |   1451 |   3 |  838.0 |
          Tomb |   3023 |   2845 |    178 |   1446 |     63 |   2 | 1511.5 |
        Depths |   7967 |   6698 |   1269 |   1783 |   2987 |   5 | 1593.4 |
          Hell |   1489 |   1230 |    259 |    143 |    134 |   1 | 1489.0 |
       Gehenna |   2434 |   2434 |      0 |    202 |     51 |   7 |  347.7 |
       Cocytus |   1193 |   1131 |     62 |     29 |      0 |   7 |  170.4 |
           Zot |   7350 |   7095 |    255 |   2817 |   2252 |   5 | 1470.0 |
         Abyss |   3498 |   3498 |      0 |    344 |     78 |  12 |  291.5 |
   Pandemonium |   5819 |   5819 |      0 |   1081 |    616 |  21 |  277.1 |
      Ziggurat |   2778 |   2778 |      0 |   1042 |    276 |  22 |  126.3 |
      Ice Cave |    437 |    437 |      0 |    289 |      0 |   1 |  437.0 |
        Wizlab |    401 |    401 |      0 |      0 |    130 |   1 |  401.0 |
               +--------+--------+--------+--------+--------+-----+--------+

Top non-repeatable levels by time:
Vaults:2: 4639 daAuts
Vaults:4: 3525 daAuts
Vaults:1: 2896 daAuts
Shoals:1: 2635 daAuts
Vaults:3: 2484 daAuts
  Lair:6: 2445 daAuts
    D:15: 2426 daAuts
  Tomb:1: 2343 daAuts
    D:13: 2222 daAuts
   Zot:1: 2073 daAuts
  Lair:3: 2016 daAuts
Spider:1: 1976 daAuts
   Zot:4: 1951 daAuts
    D:14: 1949 daAuts
   Elf:3: 1891 daAuts
